Map: Fire Frenzy 14p (WIP)

Players

Player 14

  • Race: Zerg Zerg
  • Spawn Location: 7:00

Player 13

  • Race: Zerg Zerg
  • Spawn Location: 3:00

Player 12

  • Race: Zerg Zerg
  • Spawn Location: 7:00

Player 11

  • Race: Zerg Zerg
  • Spawn Location: 5:00

Player 10

  • Race: Zerg Zerg

Player 9

  • Race: Zerg Zerg
  • Spawn Location: 0:00

Player 7

  • Race: Zerg Zerg
  • Spawn Location: 11:00

Player 6

  • Race: Zerg Zerg
  • Spawn Location: 9:00

Player 5

  • Race: Zerg Zerg
  • Spawn Location: 11:00

Player 4

  • Race: Zerg Zerg
  • Spawn Location: 1:00

Player 3

  • Race: Zerg Zerg

MattBarry

  • Race: Zerg Zerg
  • Spawn Location: 0:00

VOD

Have the link to the VOD?

Description

Time

  • Played on: Dec. 26, 2022, 5:31 a.m.
  • Length: 15:57
Show
View Real Time Build Order
Export as new Build Order

Player 14 Zerg 

Build Orders: Pool First, Zergling Baneling 

Get SALT Encoding   

  1  0:00  Drone x3  
  12  0:10  Spawning Pool  
  12  0:11  Overlord  
  14  0:40  Zergling x6  
  14  0:41  Zergling x4  
  14  0:42  Zergling x2  
  14  0:44  Zergling x2  
  14  0:45  Zergling x2  
  14  0:46  Zergling x2  
  14  0:47  Zergling x2  
  14  0:48  Zergling x2  
  14  0:49  Zergling x2  
  14  0:51  Zergling x2  
  14  0:57  Drone  
  14  0:59  Drone  
  14  1:00  Overlord  
  14  1:01  Drone  
  14  1:02  Zergling x2, Drone  
  23  1:04  Zergling x2, Drone  
  23  1:05  Drone, Overlord  
  23  1:06  Drone  
  23  1:08  Zergling x2, Drone  
  23  1:10  Zergling x4, Drone, Extractor  
  26  1:11  Drone  
  26  1:14  Extractor, Drone  
  25  1:18  Drone  
  25  1:19  Drone  
  25  1:20  Drone  
  25  1:22  Roach Warren, Drone  
  25  1:24  Overlord  
  31  1:28  Overlord  
  31  1:30  Overlord  
  37  1:34  Overlord  
  37  1:35  Queen, Overlord  
  40  1:43  Roach  
  40  1:45  Roach, Hatchery  
  40  1:46  Drone  
  39  1:47  Drone  
  39  1:49  Baneling Nest  
  38  1:55  Roach  
  38  1:56  Roach  
  38  1:57  Roach  
  38  1:58  Roach  
  38  2:00  Roach  
  38  2:01  Roach  
  40  2:02  Roach  
  40  2:03  Roach  
  40  2:04  Roach x2  
  48  2:17  Zergling x2  
  48  2:18  Baneling  
  48  2:21  Baneling, Zergling x2  
  48  2:22  Baneling  
  60  2:24  Lair  
  60  2:25  Baneling  
  60  2:26  Zergling x2  
  60  2:28  Baneling  
  64  2:30  Zergling x2  
  64  2:31  Baneling  
  64  2:32  Baneling  
  64  2:35  Baneling  
  65  2:42  Drone  
  67  2:48  Roach  
  67  2:50  Drone  
  67  2:51  Roach  
  68  2:54  Roach  
  69  3:06  Roach  
  69  3:10  Evolution Chamber, Overseer  
  69  3:11  Roach  
  72  3:14  Roach  
  72  3:15  Drone  
  72  3:19  Ravager  
  70  3:22  Roach  
  70  3:23  Roach  
  70  3:24  Baneling  
  48  3:29  Evolution Chamber  
  48  3:32  Zergling x2  
  48  3:33  Roach  
  48  3:35  Queen  
  48  3:36  Spire, Hive  
  48  3:37  Roach  
  48  3:38  Overseer  
  45  3:43  Drone  
  45  3:46  Ravager, Roach  
  46  3:50  Drone  
  46  3:51  Zergling x2  
  46  3:53  Roach  
  50  3:56  Spine Crawler  
  50  3:58  Overseer  
  50  4:00  Roach  
  52  4:03  Queen  
  52  4:04  Drone  
  52  4:05  Roach  
  52  4:07  Ravager, Hydralisk Den  
  57  4:11  Zergling x2  
  57  4:14  Drone  
  57  4:15  Roach  
  60  4:20  Roach  
  60  4:23  Roach  
  62  4:27  Infestation Pit  
  62  4:30  Zergling x2  
  65  4:31  Hydralisk, Ravager  
  65  4:32  Drone  
  65  4:33  Roach  
  65  4:34  Hydralisk  
  68  4:40  Evolution Chamber  
  68  4:43  Roach, Corruptor  
  68  4:45  Corruptor  
  72  4:47  Roach  
  72  4:48  Drone, Lurker Den  
  74  4:56  Drone  
  74  4:58  Spine Crawler  
  77  5:00  Roach  
  77  5:05  Zergling x2, Corruptor  
  77  5:06  Roach  
  77  5:07  Corruptor  
  82  5:10  Roach  
  85  5:17  Corruptor  
  85  5:19  Roach, Drone  
  85  5:20  Corruptor  
  89  5:23  Zergling x2  
  89  5:24  Roach  
  92  5:28  Corruptor  
  92  5:34  Corruptor  
  97  5:36  Hatchery  
  97  5:37  Zergling x2  
  97  5:40  Drone  
  97  5:41  Roach x2  
  101  5:42  Roach  
  101  5:46  Roach, Corruptor  
  101  5:48  Drone  
  101  5:49  Roach  
  107  5:51  Roach, Corruptor, Spine Crawler  
  107  5:54  Roach  
  101  6:00  Roach  
  93  6:04  Roach  
  93  6:06  Hydralisk  
  93  6:07  Zergling x2  
  93  6:08  Roach  
  93  6:10  Corruptor  
  80  6:12  Corruptor  
  80  6:14  Roach  
  80  6:15  Corruptor  
  80  6:17  Roach  
  62  6:28  Zergling x2  
  62  6:29  Roach  
  62  6:31  Roach, Corruptor  
  62  6:36  Corruptor  
  62  6:37  Roach  
  62  6:39  Roach  
  52  6:41  Roach  
  52  6:46  Roach  
  57  6:49  Zergling x2, Corruptor  
  57  6:50  Roach, Overseer  
  57  6:52  Roach  
  57  6:53  Roach  
  46  6:58  Roach, Corruptor  
  50  7:03  Roach  
  49  7:09  Corruptor  
  49  7:12  Zergling x2, Roach, Overseer  
  53  7:15  Roach  
  53  7:18  Corruptor  
  53  7:21  Roach  
  57  7:28  Spore Crawler  
  57  7:29  Corruptor  
  61  7:31  Overseer  
  61  7:35  Zergling x2, Corruptor, Roach  
  65  7:37  Roach, Drone  
  65  7:41  Roach  
  69  7:46  Corruptor  
  69  7:49  Zergling x2  
  69  7:51  Roach  
  72  7:53  Roach, Corruptor  
  79  7:59  Roach  
  79  8:02  Overlord  
  83  8:07  Corruptor  
  83  8:10  Zergling x2, Roach  
  83  8:11  Roach, Drone  
  83  8:12  Corruptor  
  87  8:13  Roach  
  87  8:14  Corruptor  
  87  8:15  Roach  
  91  8:20  Roach  
  91  8:26  Roach  
  85  8:27  Corruptor  
  85  8:28  Roach  
  85  8:29  Corruptor  
  85  8:32  Zergling x2, Corruptor, Roach  
  68  8:35  Roach  
  68  8:38  Corruptor  
  68  8:39  Spore Crawler  
  49  8:47  Drone  
  35  8:49  Corruptor  
  35  8:50  Roach  
  35  8:51  Corruptor  
  35  8:54  Zergling x2  
  35  8:55  Roach  
  33  8:56  Roach  
  34  9:03  Roach, Corruptor  
  34  9:04  Corruptor  
  34  9:05  Queen  
  34  9:06  Roach  
  34  9:07  Zergling x2, Corruptor  
  34  9:09  Roach  
  36  9:10  Roach  
  38  9:18  Corruptor  
  38  9:21  Zergling x2, Roach  
  38  9:23  Roach  
  36  9:27  Roach, Spine Crawler  
  37  9:31  Drone  
  37  9:33  Zergling x2  
  37  9:35  Roach  
  37  9:37  Roach  
  36  9:39  Drone  
  36  9:40  Drone  
  36  9:42  Drone  
  36  9:43  Roach, Drone  
  36  9:44  Drone x2  
  29  9:46  Roach  
  29  9:48  Drone  
  29  9:49  Roach, Drone  
  29  9:50  Drone x2  
  29  9:51  Roach  
  29  9:52  Roach, Drone  
  24  9:54  Roach, Drone  
  24  9:56  Roach  
  24  9:57  Roach  
  18  10:00  Drone  
  19  10:10  Drone x3  
  1  10:43  Drone  
  1  10:51  Drone  
  1  11:14  Hatchery  
    12:13  Drone  
    12:14  Drone x3  
    12:15  Drone x2  
    12:16  Drone  
    12:17  Drone x2  
    12:18  Drone x3  
    12:19  Drone  
    12:22  Drone x2  
    12:24  Drone x5  
    12:25  Drone  
  7  12:31  Drone  
  11  12:40  Overlord  
  8  12:47  Hatchery  
  7  12:57  Extractor  
  6  13:02  Extractor  
  5  13:32  Lair  
  5  13:47  Drone x3  
  5  13:48  Drone x4  
  5  13:49  Drone x2  
  5  13:50  Drone x2  
  5  13:51  Drone x2  
  5  13:52  Drone x2  
  5  13:53  Drone x2  
  5  13:54  Drone  
  5  13:55  Drone x2  
  5  13:56  Drone x2  
  5  13:57  Drone x2  
  5  14:00  Drone  
  16  14:04  Spawning Pool  
  16  14:05  Drone  
  28  14:10  Drone  
  28  14:11  Evolution Chamber  
  28  14:16  Evolution Chamber  
  27  14:19  Overseer  
  27  14:20  Drone  
  27  14:21  Evolution Chamber  
  27  14:22  Drone  
  28  14:25  Drone  
  28  14:31  Hydralisk Den  
  28  14:32  Drone, Overlord  
  28  14:35  Spire  
  28  14:36  Drone x2  
  28  14:37  Drone x2  
  28  14:38  Drone x2  
  28  14:39  Drone  
Show
View Real Time Build Order
Export as new Build Order

Player 13 Zerg 

Build Orders: Pool First 

Get SALT Encoding   

  1  0:00  Drone x3  
  12  0:09  Spawning Pool  
  12  0:11  Overlord  
  14  0:39  Zergling x4  
  14  0:40  Zergling x6  
  14  0:41  Zergling x2  
  14  0:42  Zergling x2  
  14  0:43  Zergling x2  
  14  0:44  Zergling x4  
  14  0:45  Zergling x2  
  14  0:47  Zergling x2  
  14  0:49  Zergling x2  
  14  0:55  Drone  
  14  0:56  Drone  
  16  0:57  Drone  
  16  0:58  Overlord  
  16  0:59  Drone  
  16  1:01  Drone  
  16  1:02  Drone  
  16  1:04  Drone, Overlord  
  25  1:05  Drone  
  25  1:06  Drone  
  25  1:09  Drone  
  25  1:11  Drone x2  
  30  1:12  Drone  
  30  1:13  Extractor, Drone  
  30  1:15  Drone  
  30  1:16  Overlord  
  30  1:18  Roach Warren  
  32  1:20  Overlord  
  32  1:21  Extractor  
  37  1:27  Overlord  
  37  1:28  Queen  
  37  1:29  Drone  
  40  1:39  Roach x2  
  40  1:40  Roach, Lair, Hatchery  
  40  1:41  Roach  
  40  1:42  Roach  
  40  1:43  Roach  
  40  1:45  Roach  
  40  1:46  Roach  
  37  1:47  Roach  
  35  1:57  Drone  
  35  2:00  Zergling x2, Drone  
  41  2:07  Roach  
  41  2:08  Drone  
  49  2:12  Zergling x2, Drone  
  49  2:16  Ravager, Evolution Chamber  
  49  2:17  Zergling x2  
  49  2:19  Zergling x2  
  49  2:20  Baneling Nest, Drone  
  49  2:21  Ravager, Zergling x2  
  51  2:25  Zergling x2  
  51  2:26  Zergling x2  
  51  2:27  Drone  
  51  2:29  Spine Crawler  
  54  2:31  Ravager, Zergling x2  
  54  2:33  Zergling x2  
  54  2:34  Drone, Hive  
  54  2:35  Zergling x2  
  58  2:37  Evolution Chamber  
  58  2:41  Zergling x2  
  58  2:43  Drone  
  61  2:44  Hydralisk Den  
  61  2:47  Roach  
  63  2:53  Infestation Pit  
  63  2:55  Roach  
  65  3:05  Roach  
  65  3:10  Roach  
  67  3:15  Roach  
  69  3:22  Roach  
  62  3:27  Drone  
  62  3:28  Roach  
  62  3:30  Roach  
  62  3:31  Drone  
  62  3:32  Spire  
  62  3:33  Roach  
  63  3:35  Roach  
  63  3:39  Roach, Evolution Chamber  
  67  3:42  Roach  
  67  3:45  Roach, Drone  
  67  3:48  Roach  
  70  3:51  Roach  
  70  3:53  Spine Crawler  
  75  3:56  Roach  
  75  3:57  Hydralisk  
  80  4:03  Hydralisk  
  80  4:05  Roach  
  80  4:09  Hydralisk  
  84  4:10  Roach  
  84  4:16  Hydralisk  
  88  4:17  Roach  
  88  4:22  Hydralisk  
  88  4:23  Roach  
  92  4:30  Mutalisk  
  92  4:31  Zergling x2  
  96  4:34  Hydralisk  
  96  4:36  Corruptor  
  96  4:37  Mutalisk  
  100  4:38  Corruptor  
  100  4:40  Drone  
  100  4:43  Spine Crawler  
  102  4:47  Mutalisk  
  102  4:48  Corruptor  
  102  4:49  Hydralisk, Corruptor  
  102  4:51  Mutalisk  
  106  4:56  Mutalisk  
  110  5:01  Hydralisk  
  110  5:02  Corruptor  
  110  5:04  Mutalisk  
  110  5:05  Corruptor  
  114  5:12  Mutalisk  
  120  5:14  Hydralisk  
  120  5:16  Mutalisk, Corruptor  
  120  5:18  Hydralisk  
  120  5:20  Corruptor  
  128  5:22  Mutalisk  
  130  5:33  Roach  
  130  5:34  Roach x2, Zergling x2  
  122  5:36  Roach  
  122  5:37  Roach x2  
  122  5:38  Roach x2  
  122  5:39  Hydralisk, Roach  
  122  5:41  Hydralisk, Roach  
  122  5:42  Roach  
  100  5:44  Mutalisk, Roach  
  100  5:45  Roach  
  100  5:47  Mutalisk  
  100  5:49  Mutalisk, Corruptor  
  90  5:53  Corruptor  
  90  5:56  Roach  
  79  6:00  Zergling x2  
  79  6:01  Roach  
  79  6:02  Hydralisk  
  73  6:04  Roach  
  73  6:05  Hydralisk  
  73  6:06  Roach  
  73  6:07  Mutalisk  
  73  6:08  Hydralisk, Mutalisk  
  75  6:12  Corruptor  
  75  6:13  Hydralisk  
  75  6:14  Spore Crawler  
  75  6:17  Roach  
  67  6:22  Drone  
  67  6:25  Roach, Corruptor  
  74  6:29  Zergling x2  
  74  6:30  Roach  
  74  6:31  Roach  
  77  6:33  Roach  
  77  6:36  Hydralisk  
  77  6:37  Roach  
  77  6:38  Mutalisk, Roach  
  70  6:40  Mutalisk  
  70  6:45  Mutalisk, Corruptor  
  70  6:46  Hydralisk  
  61  6:47  Corruptor  
  61  6:48  Hydralisk  
  61  6:50  Spore Crawler  
  54  6:54  Roach  
  54  6:57  Roach  
  54  7:01  Zergling x2, Corruptor  
  54  7:03  Roach  
  54  7:07  Roach  
  52  7:09  Roach  
  52  7:11  Mutalisk  
  52  7:12  Drone  
  52  7:13  Roach  
  52  7:14  Mutalisk  
  52  7:16  Corruptor  
  52  7:19  Hydralisk  
  52  7:21  Roach  
  56  7:26  Spore Crawler  
  56  7:28  Corruptor  
  60  7:31  Roach, Zergling x2  
  60  7:34  Roach  
  60  7:36  Roach  
  59  7:38  Mutalisk, Drone  
  59  7:40  Hydralisk  
  59  7:41  Roach  
  59  7:42  Hydralisk  
  55  7:46  Corruptor  
  55  7:47  Mutalisk, Roach  
  55  7:49  Mutalisk  
  55  7:50  Roach  
  55  7:51  Corruptor  
  55  7:52  Roach  
  55  7:54  Corruptor  
  51  8:00  Roach, Zergling x2  
  51  8:03  Hydralisk, Roach  
  54  8:06  Spore Crawler  
  54  8:07  Roach  
  54  8:09  Mutalisk  
  54  8:10  Mutalisk, Roach  
  54  8:11  Hydralisk  
  54  8:12  Corruptor, Drone  
  43  8:16  Corruptor  
  34  8:20  Roach, Zergling x2  
  34  8:22  Hydralisk  
  34  8:24  Roach  
  34  8:25  Mutalisk  
  36  8:27  Hydralisk  
  36  8:28  Roach  
  36  8:29  Mutalisk, Roach  
  36  8:33  Hydralisk, Corruptor  
  34  8:35  Hydralisk  
  34  8:37  Roach, Zergling x2  
  34  8:44  Mutalisk, Corruptor  
  34  8:45  Roach  
  34  8:46  Hydralisk, Roach  
  34  8:48  Mutalisk, Roach  
  34  8:51  Mutalisk  
  34  8:54  Hydralisk  
  33  8:55  Corruptor  
  33  8:56  Hydralisk  
  33  8:57  Hydralisk, Zergling x2, Spore Crawler  
  33  8:58  Roach, Corruptor  
  33  9:01  Mutalisk  
  29  9:03  Roach  
  29  9:04  Roach, Drone  
  29  9:09  Mutalisk  
  33  9:10  Hydralisk  
  33  9:11  Zergling x2  
  33  9:12  Roach  
  33  9:13  Corruptor  
  33  9:15  Spine Crawler  
  33  9:16  Hydralisk x2, Corruptor  
  42  9:17  Drone  
  42  9:18  Mutalisk, Roach  
  42  9:19  Roach  
  42  9:20  Evolution Chamber  
  42  9:24  Hydralisk, Drone  
  53  9:25  Roach  
  53  9:28  Hydralisk  
  53  9:29  Hydralisk  
  53  9:30  Roach, Corruptor  
  53  9:31  Mutalisk, Roach  
  61  9:33  Mutalisk  
  61  9:34  Ultralisk Cavern, Drone  
  61  9:37  Roach  
  69  9:39  Hydralisk  
  69  9:40  Hydralisk  
  69  9:41  Roach  
  69  9:42  Roach  
  83  9:47  Roach  
  83  9:48  Hydralisk, Roach, Zergling x2  
  83  9:50  Roach  
  83  9:51  Roach  
  92  9:55  Hydralisk  
  92  9:56  Roach, Zergling x2  
  92  9:57  Roach  
  92  9:59  Hydralisk, Roach  
  93  10:00  Roach  
  93  10:01  Roach  
  93  10:02  Hydralisk  
  93  10:03  Roach  
  93  10:05  Hydralisk  
  93  10:07  Hydralisk  
  87  10:08  Mutalisk, Roach  
  87  10:12  Hydralisk, Roach  
  88  10:15  Roach  
  88  10:17  Hydralisk  
  88  10:19  Roach  
  88  10:20  Hydralisk, Roach, Zergling x2  
  88  10:21  Hydralisk x2, Roach  
  96  10:22  Hydralisk  
  96  10:23  Roach  
  96  10:24  Mutalisk, Corruptor  
  96  10:26  Mutalisk, Corruptor  
  102  10:31  Corruptor  
  102  10:32  Mutalisk  
  102  10:34  Mutalisk  
  101  10:37  Corruptor  
  101  10:39  Mutalisk, Corruptor  
  101  10:40  Mutalisk  
  110  10:43  Corruptor  
  110  10:44  Zergling x2, Corruptor  
  110  10:45  Mutalisk  
  110  10:47  Mutalisk, Drone  
  110  10:48  Corruptor  
  110  10:49  Roach  
  118  10:50  Corruptor  
  118  10:51  Mutalisk  
  118  10:52  Mutalisk, Spore Crawler  
  118  10:53  Corruptor  
  118  10:54  Corruptor  
  118  10:56  Mutalisk  
  124  10:57  Mutalisk, Corruptor  
  124  11:00  Mutalisk  
  124  11:01  Mutalisk  
  132  11:06  Mutalisk  
  132  11:07  Hydralisk  
  132  11:11  Hydralisk  
  142  11:12  Hydralisk x2, Zergling x2, Corruptor  
  142  11:13  Mutalisk, Roach  
  142  11:14  Hydralisk  
  142  11:16  Mutalisk  
  142  11:17  Zergling x2, Corruptor, Roach  
  152  11:19  Mutalisk  
  152  11:20  Corruptor  
  152  11:22  Mutalisk, Corruptor  
  152  11:23  Roach  
  152  11:24  Mutalisk  
  162  11:25  Roach  
  162  11:26  Mutalisk  
  162  11:27  Corruptor  
  162  11:29  Mutalisk, Corruptor  
  162  11:31  Mutalisk  
  162  11:32  Corruptor  
  137  11:33  Mutalisk  
  137  11:36  Mutalisk  
  137  11:37  Zergling x2  
  137  11:38  Corruptor  
  134  11:41  Mutalisk  
  134  11:42  Mutalisk  
  134  11:43  Roach  
  134  11:45  Roach  
  134  11:46  Mutalisk  
  140  11:51  Zergling x2, Corruptor  
  140  11:52  Mutalisk  
  140  11:53  Mutalisk  
  146  11:54  Mutalisk, Corruptor, Infestor  
  146  11:55  Mutalisk  
  146  11:57  Mutalisk, Corruptor, Infestor  
  146  11:58  Mutalisk, Corruptor, Infestor  
  146  11:59  Corruptor  
  146  12:00  Infestor x2  
  146  12:01  Mutalisk x2, Infestor  
  154  12:02  Infestor  
  154  12:03  Infestor  
  154  12:04  Infestor  
  154  12:05  Infestor  
  154  12:06  Infestor  
  154  12:07  Hydralisk x2, Infestor  
  174  12:23  Viper, Drone  
  174  12:24  Viper  
  174  12:25  Viper x2  
  174  12:27  Ultralisk x2  
  174  12:28  Ultralisk  
  174  12:29  Ultralisk  
  186  12:30  Corruptor, Ultralisk  
  186  12:31  Ultralisk  
  186  12:33  Ultralisk, Spine Crawler  
  186  12:34  Ultralisk  
  186  12:36  Ultralisk  
  196  12:37  Ultralisk  
  196  12:40  Ultralisk  
  196  12:41  Ultralisk  
  210  12:45  Zergling x2  
  210  12:46  Queen, Drone  
  212  12:55  Hatchery  
  224  13:00  Zergling x2  
  292  13:24  Overlord  
  292  13:26  Queen  
  300  13:34  Overseer  
  300  13:38  Overseer  
  300  13:46  Mutalisk  
  300  13:52  Overlord  
  300  14:04  Queen  
  302  14:10  Drone  
  302  14:15  Drone  
  304  14:17  Queen  
  304  14:20  Hatchery  
  304  14:22  Drone  
  306  14:26  Lurker Den  
  306  14:32  Spore Crawler  
  306  14:38  Overlord  
  306  14:54  Drone  
  306  15:00  Overseer  
  306  15:05  Spore Crawler  
  306  15:25  Drone  
  306  15:34  Spore Crawler  
  305  15:36  Drone  
  306  15:46  Hatchery  
Show
View Real Time Build Order
Export as new Build Order

Player 12 Zerg 

Build Orders: Pool First 

Get SALT Encoding   

  1  0:00  Drone x3  
  12  0:10  Spawning Pool  
  12  0:11  Overlord  
  14  0:40  Zergling x4  
  14  0:41  Zergling x6  
  14  0:42  Zergling x2  
  14  0:43  Zergling x2  
  14  0:44  Zergling x2  
  14  0:45  Zergling x4  
  14  0:46  Zergling x2  
  14  0:48  Zergling x2  
  14  0:49  Zergling x2  
  14  0:55  Drone  
  14  0:56  Drone  
  14  0:57  Zergling x2, Drone  
  14  0:58  Drone  
  14  0:59  Drone  
  14  1:00  Overlord  
  14  1:01  Drone  
  14  1:02  Zergling x2  
  14  1:03  Zergling x2, Drone  
  14  1:04  Drone, Overlord  
  25  1:05  Drone  
  25  1:06  Zergling x2, Drone  
  25  1:08  Drone  
  25  1:09  Zergling x2  
  25  1:11  Zergling x2  
  23  1:12  Queen, Extractor, Drone x2  
  23  1:13  Zergling x2, Drone  
  23  1:15  Roach Warren, Drone, Overlord  
  23  1:17  Extractor  
  24  1:21  Zergling x2  
  24  1:22  Overlord  
  29  1:28  Zergling x2  
  29  1:30  Overlord  
  29  1:32  Zergling x2  
  31  1:33  Zergling x2  
  31  1:34  Zergling x2  
  31  1:35  Lair  
  31  1:36  Roach x2  
  31  1:38  Roach x2  
  31  1:39  Roach x2  
  31  1:41  Roach x2  
  31  1:42  Roach, Drone  
  31  1:48  Hatchery  
  31  1:51  Roach  
  31  1:52  Drone  
  31  1:53  Roach  
  31  1:54  Drone  
  31  1:58  Roach, Zergling x2  
  47  2:06  Roach, Zergling x2  
  47  2:07  Drone  
  51  2:15  Baneling Nest  
  54  2:16  Drone  
  54  2:17  Zergling x2  
  54  2:18  Roach  
  54  2:19  Evolution Chamber  
  54  2:21  Ravager  
  58  2:23  Zergling x2, Roach  
  58  2:26  Drone  
  58  2:29  Spine Crawler  
  61  2:30  Ravager, Zergling x2  
  61  2:31  Roach  
  61  2:33  Drone  
  61  2:36  Roach, Zergling x2  
  65  2:38  Hydralisk Den  
  65  2:39  Drone  
  65  2:41  Zergling x2, Roach  
  68  2:44  Infestation Pit  
  68  2:48  Baneling  
  68  2:49  Zergling x2  
  68  2:50  Baneling, Roach  
  71  2:57  Baneling  
  76  2:59  Roach, Hive  
  76  3:01  Roach  
  76  3:04  Roach  
  77  3:07  Zergling x2  
  77  3:09  Roach  
  60  3:14  Roach  
  60  3:19  Zergling x2  
  46  3:24  Roach  
  40  3:27  Spine Crawler, Drone  
  40  3:30  Zergling x2  
  40  3:33  Roach  
  40  3:34  Spire, Drone  
  38  3:38  Drone  
  38  3:39  Zergling x2, Roach  
  39  3:43  Evolution Chamber  
  39  3:47  Hydralisk, Zergling x2, Roach  
  39  3:48  Drone  
  42  3:50  Roach  
  42  3:51  Roach  
  42  3:53  Spine Crawler  
  42  3:54  Roach  
  44  3:56  Hydralisk  
  44  3:57  Drone  
  44  3:58  Zergling x2  
  44  3:59  Roach  
  44  4:02  Roach, Evolution Chamber  
  46  4:05  Roach  
  46  4:06  Zergling x2  
  46  4:08  Zergling x2  
  36  4:11  Roach, Zergling x2  
  36  4:13  Drone x3  
  36  4:14  Zergling x2  
  36  4:15  Roach, Drone  
  36  4:16  Drone x2  
  31  4:17  Roach  
  31  4:18  Zergling x2  
  31  4:20  Roach, Queen  
  31  4:21  Drone x2  
  31  4:23  Zergling x2  
  33  4:25  Hydralisk, Drone x2  
  33  4:26  Roach  
  33  4:28  Roach  
  33  4:29  Zergling x2  
  32  4:31  Hydralisk, Drone  
  32  4:32  Roach  
  32  4:34  Queen, Drone x2  
  32  4:35  Zergling x2, Drone  
  32  4:36  Drone  
  32  4:37  Roach  
  32  4:38  Spine Crawler  
  32  4:40  Zergling x2  
  32  4:42  Drone  
  32  4:45  Roach  
  32  4:47  Roach  
  32  4:48  Zergling x2, Drone  
  32  4:49  Drone x5  
  32  4:50  Drone x10  
  32  4:51  Drone  
  30  4:56  Roach, Drone  
  30  4:57  Mutalisk, Drone  
  27  5:00  Roach, Drone  
  27  5:02  Drone x3  
  27  5:03  Evolution Chamber, Drone x2  
  27  5:05  Drone x5  
  29  5:08  Drone  
  29  5:10  Drone  
  29  5:12  Drone  
  29  5:13  Drone  
Show
View Real Time Build Order
Export as new Build Order

Player 11 Zerg 

Build Orders: Pool First 

Get SALT Encoding   

  1  0:00  Drone x3  
  12  0:10  Spawning Pool  
  12  0:11  Overlord  
  14  0:39  Zergling x2  
  14  0:40  Zergling x4  
  14  0:41  Zergling x6  
  14  0:43  Zergling x2  
  14  0:44  Zergling x2  
  14  0:45  Zergling x2  
  14  0:46  Zergling x4  
  14  0:48  Zergling x2  
  14  0:49  Zergling x2  
  14  0:55  Drone  
  14  0:57  Drone  
  15  0:59  Drone, Overlord  
  15  1:00  Drone  
  15  1:01  Drone  
  15  1:03  Drone  
  15  1:04  Drone, Overlord  
  25  1:07  Drone x2  
  25  1:10  Drone  
  29  1:11  Drone  
  29  1:12  Drone  
  29  1:13  Extractor, Drone x2  
  29  1:15  Drone  
  29  1:17  Overlord  
  33  1:19  Roach Warren  
  33  1:21  Overlord  
  33  1:22  Extractor  
  31  1:26  Overlord  
  31  1:27  Queen, Drone  
  34  1:39  Roach, Hatchery  
  34  1:40  Roach, Lair  
  34  1:41  Roach x2  
  34  1:42  Roach  
  34  1:43  Roach  
  34  1:45  Roach  
  34  1:46  Roach  
  34  1:47  Roach  
  34  1:55  Zergling x2  
  34  1:57  Roach, Drone  
  42  2:02  Hive, Drone  
  51  2:10  Drone  
  51  2:13  Evolution Chamber  
  51  2:14  Zergling x2  
  43  2:16  Drone  
  43  2:19  Baneling Nest  
  43  2:21  Zergling x2  
  44  2:24  Zergling x2  
  44  2:26  Zergling x2  
  44  2:28  Drone  
  45  2:30  Zergling x2  
  45  2:33  Zergling x2, Drone  
  45  2:34  Spine Crawler  
  45  2:37  Zergling x2  
  45  2:38  Zergling x2  
  45  2:39  Drone  
  45  2:41  Zergling x2  
  45  2:42  Infestation Pit  
  48  2:44  Zergling x2  
  48  2:45  Zergling x2, Drone  
  48  2:49  Hydralisk Den  
  50  2:52  Baneling, Drone  
  50  2:55  Evolution Chamber  
  53  2:59  Roach  
  53  3:02  Evolution Chamber  
  53  3:03  Roach  
  56  3:07  Zergling x2  
  56  3:08  Drone  
  56  3:09  Roach  
  56  3:10  Roach  
  56  3:15  Roach, Zergling x2  
  56  3:16  Baneling, Roach  
  56  3:17  Roach, Spire  
  56  3:18  Roach  
  57  3:23  Zergling x2, Roach  
  57  3:24  Roach  
  57  3:27  Drone  
  43  3:28  Roach, Zergling x2  
  43  3:31  Roach, Zergling x2, Spine Crawler  
  41  3:34  Roach  
  41  3:35  Zergling x2  
  41  3:36  Roach  
  41  3:39  Roach  
  41  3:40  Roach  
  45  3:42  Roach  
  45  3:44  Roach  
  45  3:45  Roach  
  45  3:47  Roach  
  52  3:51  Roach  
  60  3:56  Zergling x2  
  60  3:58  Zergling x2  
  60  4:00  Zergling x2  
  60  4:02  Zergling x2  
  66  4:04  Zergling x2  
  66  4:07  Roach, Zergling x2  
  72  4:11  Drone  
  72  4:12  Roach  
  72  4:14  Roach  
  72  4:15  Baneling  
  76  4:18  Roach  
  76  4:21  Spine Crawler  
  76  4:22  Roach  
  76  4:23  Zergling x2  
  79  4:24  Roach  
  79  4:25  Roach  
  79  4:26  Mutalisk  
  79  4:27  Mutalisk, Roach, Corruptor  
  62  4:31  Zergling x2  
  62  4:34  Roach  
  62  4:36  Roach  
  40  4:38  Mutalisk  
  40  4:39  Roach, Corruptor  
  40  4:40  Mutalisk  
  40  4:41  Roach  
  40  4:42  Zergling x2  
  38  4:47  Roach  
  38  4:52  Roach  
  34  4:54  Corruptor  
  34  4:56  Zergling x2  
  34  4:57  Mutalisk, Roach, Corruptor  
  34  4:58  Mutalisk  
  34  4:59  Roach  
  45  5:09  Roach  
  45  5:12  Zergling x2  
  45  5:14  Roach  
  45  5:15  Corruptor  
  45  5:16  Mutalisk  
  45  5:17  Mutalisk, Roach  
  45  5:18  Drone x3  
  45  5:19  Corruptor, Drone  
  45  5:20  Roach, Drone  
  43  5:21  Drone  
  43  5:22  Mutalisk  
  43  5:26  Drone  
  41  5:31  Drone  
  41  5:32  Roach, Zergling x2  
  41  5:33  Mutalisk  
  41  5:34  Roach  
  41  5:35  Corruptor, Drone  
  39  5:36  Roach, Drone  
  39  5:38  Mutalisk  
  39  5:40  Spine Crawler  
  35  5:44  Drone  
  35  5:47  Drone  
  35  5:49  Drone  
  34  5:53  Drone  
  34  5:54  Drone  
  34  5:56  Drone  
  28  5:58  Drone  
  28  5:59  Drone  
  28  6:01  Corruptor, Drone  
  28  6:02  Drone  
  28  6:03  Drone  
  30  6:04  Mutalisk, Roach, Zergling x2  
  30  6:05  Mutalisk, Roach, Drone  
  30  6:06  Drone  
  30  6:07  Corruptor, Drone  
  30  6:08  Roach, Drone  
  30  6:10  Drone  
  31  6:20  Mutalisk, Roach x2, Zergling x2, Drone  
  31  6:21  Drone  
  31  6:22  Mutalisk, Roach, Drone  
  38  6:28  Spine Crawler  
  38  6:30  Roach, Drone  
  38  6:32  Roach  
  46  6:35  Zergling x2, Roach, Drone  
  46  6:36  Mutalisk  
  46  6:37  Evolution Chamber  
  46  6:39  Roach  
  54  6:43  Roach  
  54  6:44  Drone  
  54  6:46  Roach, Zergling x2  
  60  6:47  Mutalisk  
  60  6:49  Mutalisk, Roach  
  60  6:52  Corruptor  
  64  6:54  Evolution Chamber  
  64  6:55  Drone  
  64  6:56  Roach  
  64  6:58  Corruptor  
  64  6:59  Zergling x2  
  64  7:00  Roach  
  58  7:05  Mutalisk  
  58  7:06  Roach  
  58  7:07  Mutalisk  
  58  7:08  Corruptor  
  55  7:09  Roach  
  55  7:11  Drone  
  55  7:12  Corruptor  
  55  7:14  Roach, Zergling x2  
  39  7:16  Roach  
  39  7:18  Mutalisk  
  39  7:20  Roach, Corruptor  
  25  7:23  Mutalisk  
  25  7:24  Roach, Corruptor, Spine Crawler  
  25  7:26  Drone  
  25  7:27  Roach, Zergling x2  
  25  7:28  Hydralisk Den  
  20  7:33  Mutalisk, Roach  
  20  7:34  Corruptor  
  20  7:36  Mutalisk, Roach  
  21  7:38  Drone  
  21  7:39  Corruptor  
  26  7:45  Zergling x2  
  26  7:48  Hydralisk  
  26  7:50  Hydralisk  
  30  7:51  Mutalisk  
  30  7:53  Drone  
  30  7:54  Corruptor  
  30  7:57  Mutalisk  
  30  7:58  Corruptor  
  38  8:01  Mutalisk, Roach Warren  
  41  8:07  Drone  
  41  8:08  Hydralisk  
  41  8:09  Hydralisk, Corruptor  
  41  8:12  Zergling x2  
  43  8:13  Mutalisk  
  43  8:14  Corruptor  
  43  8:16  Mutalisk  
  43  8:18  Mutalisk  
  48  8:22  Hydralisk, Corruptor  
  48  8:23  Hydralisk, Drone  
  48  8:25  Evolution Chamber  
  51  8:27  Zergling x2, Corruptor  
  51  8:29  Mutalisk  
  51  8:31  Mutalisk  
  48  8:35  Hydralisk, Corruptor  
  48  8:36  Spine Crawler  
  48  8:37  Hydralisk, Drone  
  48  8:39  Corruptor  
  48  8:40  Zergling x2  
  50  8:41  Mutalisk  
  50  8:42  Mutalisk  
  50  8:47  Hydralisk, Corruptor  
  57  8:49  Hydralisk  
  57  8:51  Corruptor, Drone  
  57  8:53  Mutalisk, Zergling x2  
  57  8:55  Mutalisk  
  64  8:58  Hydralisk  
  64  8:59  Hydralisk, Corruptor  
  71  9:02  Drone  
  71  9:04  Corruptor  
  71  9:05  Mutalisk  
  71  9:08  Mutalisk  
  80  9:11  Hydralisk  
  80  9:12  Hydralisk  
  80  9:13  Corruptor, Drone  
  80  9:15  Mutalisk  
  88  9:18  Corruptor  
  88  9:19  Mutalisk  
  98  9:24  Hydralisk  
  98  9:25  Hydralisk  
  98  9:26  Drone  
  98  9:28  Mutalisk  
  98  9:29  Corruptor  
  98  9:30  Mutalisk  
  103  9:31  Mutalisk  
  103  9:33  Spore Crawler  
  103  9:34  Zergling x2, Drone  
  111  9:40  Hydralisk  
  111  9:41  Hydralisk, Roach  
  111  9:42  Roach  
  111  9:45  Mutalisk  
  99  9:46  Mutalisk, Zergling x2  
  99  9:47  Drone  
  99  9:48  Hydralisk  
  99  9:52  Hydralisk  
  70  9:54  Hydralisk, Roach  
  70  9:55  Drone  
  70  9:56  Hydralisk  
  70  9:58  Mutalisk  
  45  10:00  Hydralisk, Zergling x2  
  45  10:01  Hydralisk  
  45  10:02  Drone  
  45  10:03  Mutalisk  
  45  10:04  Mutalisk  
  45  10:06  Zergling x2  
  36  10:07  Hydralisk  
  36  10:08  Hydralisk, Corruptor  
  36  10:09  Drone  
  36  10:11  Mutalisk  
  36  10:12  Mutalisk  
  36  10:13  Corruptor  
  36  10:14  Drone  
  32  10:15  Hydralisk  
  32  10:16  Hydralisk  
  32  10:17  Corruptor  
  32  10:19  Mutalisk  
  32  10:21  Mutalisk  
  36  10:22  Corruptor, Drone  
  36  10:23  Hydralisk  
  36  10:25  Hydralisk  
  36  10:27  Corruptor  
  48  10:29  Mutalisk  
  48  10:30  Corruptor, Drone  
  48  10:31  Mutalisk  
  48  10:33  Hydralisk  
  48  10:34  Hydralisk  
  55  10:38  Mutalisk  
  55  10:39  Mutalisk  
  55  10:41  Mutalisk, Corruptor, Drone  
  66  10:43  Hydralisk, Corruptor  
  66  10:45  Hydralisk  
  66  10:47  Hydralisk x2  
  66  10:49  Hydralisk, Drone  
  76  10:50  Hydralisk  
  76  10:52  Hydralisk  
  76  10:54  Hydralisk  
  76  10:55  Mutalisk  
  76  10:56  Corruptor  
  76  10:57  Hydralisk  
  81  10:58  Mutalisk, Zergling x2  
  81  11:03  Hydralisk x2  
  80  11:05  Mutalisk, Corruptor  
  80  11:06  Hydralisk  
  80  11:07  Zergling x2  
  80  11:09  Mutalisk  
  50  11:14  Zergling x2  
  50  11:15  Hydralisk  
  50  11:16  Hydralisk  
  50  11:17  Mutalisk  
  36  11:19  Mutalisk, Hydralisk  
  36  11:21  Hydralisk, Zergling x2  
  36  11:24  Drone x2  
  33  11:26  Hydralisk  
  33  11:27  Hydralisk, Mutalisk  
  33  11:28  Spore Crawler  
  33  11:29  Drone  
  33  11:30  Hydralisk  
  33  11:31  Hydralisk  
  33  11:32  Hydralisk  
  27  11:33  Mutalisk  
  27  11:34  Hydralisk  
  27  11:36  Drone  
  32  11:40  Drone  
  32  11:41  Drone  
  31  11:47  Drone  
  31  11:48  Drone  
  31  11:51  Drone  
Show
View Real Time Build Order
Export as new Build Order

Player 10 Zerg 

Build Orders:  

Get SALT Encoding   

Show
View Real Time Build Order
Export as new Build Order

Player 9 Zerg 

Build Orders: 1 Base Baneling Bust, Pool First, Zergling Baneling 

Get SALT Encoding   

  12  0:00  Drone x4  
  12  0:01  Drone  
  14  0:10  Spawning Pool  
  14  0:11  Overlord  
  14  0:13  Extractor  
  15  0:41  Zergling x2  
  15  0:43  Zergling x4  
  15  0:44  Zergling x2  
  15  0:45  Zergling x2  
  15  0:47  Zergling x2, Drone  
  15  0:48  Zergling x4, Extractor  
  15  0:49  Zergling x2, Drone  
  14  0:56  Zergling x2, Drone x2  
  14  0:57  Zergling x2, Queen, Drone  
  14  0:58  Zergling x2, Drone x2  
  14  0:59  Zergling x2, Drone  
  14  1:00  Drone  
  14  1:01  Zergling x2, Baneling Nest  
  14  1:02  Overlord  
  14  1:03  Zergling x2  
  22  1:04  Zergling x2  
  22  1:06  Zergling x4  
  22  1:07  Zergling x2, Overlord  
  22  1:08  Zergling x2  
  22  1:09  Drone  
  32  1:12  Overlord  
  34  1:20  Roach Warren  
  34  1:22  Drone  
  34  1:23  Drone  
  34  1:24  Drone  
  36  1:26  Drone, Overlord  
  36  1:27  Overlord  
  36  1:32  Baneling, Zergling x2  
  36  1:33  Baneling  
  36  1:36  Baneling, Zergling x2  
  36  1:37  Baneling, Drone  
  36  1:39  Overlord  
  40  1:40  Baneling  
  40  1:42  Roach x2  
  40  1:43  Roach  
  40  1:45  Roach x2, Overlord  
  40  1:46  Roach  
  40  1:49  Hatchery  
  40  1:50  Roach  
  40  1:51  Zergling x2  
  42  1:55  Zergling x2  
  44  2:01  Baneling  
  44  2:02  Zergling x2  
  44  2:04  Zergling x2  
  44  2:07  Zergling x4  
  44  2:08  Baneling, Zergling x2  
  55  2:09  Baneling  
  55  2:10  Zergling x2  
  55  2:11  Zergling x2  
  55  2:12  Zergling x2  
  55  2:14  Zergling x2  
  55  2:15  Zergling x4  
  49  2:16  Roach, Zergling x2  
  49  2:17  Roach  
  49  2:22  Lair  
  46  2:23  Zergling x2  
  46  2:24  Baneling, Roach  
  46  2:25  Baneling, Roach  
  46  2:26  Roach  
  46  2:28  Baneling  
  52  2:30  Zergling x2  
  52  2:32  Baneling  
  52  2:34  Baneling  
  60  2:39  Drone  
  60  2:42  Roach, Drone  
  60  2:43  Baneling x2, Roach  
  63  2:45  Baneling  
  63  2:49  Roach  
  63  2:50  Baneling  
  68  2:51  Baneling  
  68  2:54  Roach  
  68  2:55  Baneling  
  68  2:57  Roach  
  70  3:00  Hive  
  70  3:02  Roach  
  70  3:03  Baneling  
  74  3:05  Baneling, Roach  
  74  3:12  Roach  
  76  3:16  Roach  
  76  3:17  Overseer  
  76  3:19  Evolution Chamber  
  74  3:20  Roach  
  74  3:21  Spire  
  74  3:22  Baneling  
  74  3:26  Baneling  
  74  3:27  Drone  
  68  3:28  Zergling x2  
  70  3:37  Roach  
  70  3:39  Overseer  
  73  3:43  Zergling x2  
  73  3:46  Queen, Drone  
  76  3:52  Infestation Pit  
  76  3:53  Roach  
  76  3:54  Drone  
  75  3:56  Overseer  
  75  3:59  Zergling x2  
  75  4:01  Spine Crawler  
  78  4:03  Roach, Drone  
  78  4:08  Hydralisk Den  
  78  4:11  Roach  
  78  4:12  Roach, Drone  
  78  4:13  Zergling x2  
  78  4:14  Roach  
  78  4:15  Drone  
  82  4:17  Corruptor, Evolution Chamber  
  82  4:20  Roach, Corruptor  
  82  4:21  Roach  
  82  4:22  Baneling  
  82  4:23  Baneling  
  83  4:26  Roach, Zergling x2  
  83  4:28  Roach  
  83  4:32  Roach  
  83  4:33  Corruptor  
  83  4:35  Corruptor  
  83  4:36  Hatchery  
  78  4:39  Roach  
  78  4:41  Roach, Zergling x2, Drone  
  78  4:44  Drone, Lurker Den  
  78  4:45  Roach  
  76  4:46  Corruptor  
  76  4:47  Roach  
  76  4:49  Roach x3  
  76  4:51  Roach x2, Corruptor  
  76  4:52  Evolution Chamber  
  81  4:53  Zergling x2  
  81  4:54  Roach x2  
  81  4:55  Roach  
  81  4:56  Roach x2  
  81  4:57  Roach x2, Drone  
  81  4:59  Corruptor  
  83  5:01  Roach  
  83  5:02  Corruptor  
  83  5:03  Roach x3  
  83  5:05  Drone, Spine Crawler  
  83  5:06  Roach, Corruptor, Zergling x2  
  86  5:07  Roach  
  86  5:08  Roach, Corruptor  
  86  5:10  Roach x2  
  86  5:11  Roach x2  
  86  5:14  Roach  
  87  5:15  Roach  
  87  5:16  Corruptor  
  87  5:18  Roach x3, Corruptor  
  87  5:21  Roach  
  90  5:23  Roach  
  90  5:24  Roach  
  90  5:28  Corruptor  
  87  5:29  Roach  
  87  5:32  Corruptor  
  87  5:33  Roach  
  87  5:34  Roach  
  85  5:36  Roach x3  
  85  5:37  Roach  
  85  5:38  Overseer  
  85  5:39  Roach x2  
  85  5:40  Roach  
  85  5:42  Roach  
  87  5:43  Roach x2, Corruptor  
  87  5:47  Roach  
  87  5:49  Zergling x2, Roach x2  
  85  5:51  Roach  
  85  5:52  Corruptor, Overseer  
  85  5:55  Corruptor  
  81  5:57  Roach, Spine Crawler  
  81  5:58  Roach  
  81  6:01  Roach, Corruptor, Drone  
  76  6:07  Corruptor  
  76  6:10  Roach, Zergling x2  
  65  6:13  Roach, Corruptor, Overseer  
  65  6:14  Roach  
  58  6:19  Corruptor  
  58  6:20  Zergling x2  
  58  6:21  Roach  
  61  6:25  Roach  
  61  6:26  Corruptor  
  61  6:27  Roach  
  68  6:34  Corruptor  
  68  6:35  Roach, Zergling x2  
  68  6:38  Roach  
  68  6:39  Corruptor  
  73  6:40  Roach  
  73  6:42  Roach  
  73  6:46  Spore Crawler  
  73  6:47  Roach, Corruptor, Drone  
  80  6:48  Zergling x2  
  80  6:50  Roach  
  80  6:51  Roach  
  80  6:53  Corruptor  
  81  6:54  Roach  
  81  6:55  Roach, Corruptor  
  81  6:57  Roach  
  81  6:59  Roach  
  81  7:01  Zergling x2, Roach x2  
  85  7:06  Corruptor  
  92  7:08  Zergling x2, Corruptor  
  92  7:09  Roach  
  92  7:13  Roach  
  92  7:14  Roach, Zergling x2  
  92  7:17  Drone  
  92  7:21  Spore Crawler  
  92  7:22  Roach  
  96  7:23  Zergling x2  
  96  7:25  Corruptor  
  96  7:26  Zergling x2, Roach  
  96  7:29  Corruptor  
  100  7:31  Roach, Zergling x2  
  100  7:33  Corruptor  
  100  7:36  Zergling x2, Corruptor  
  103  7:37  Corruptor  
  103  7:40  Zergling x2  
  103  7:41  Corruptor  
  103  7:43  Corruptor  
  109  7:47  Corruptor  
  109  7:48  Drone  
  109  7:49  Corruptor  
  114  7:51  Corruptor  
  114  7:52  Zergling x2  
  114  7:54  Corruptor  
  114  7:56  Spore Crawler  
  114  7:57  Zergling x2  
  117  8:03  Hydralisk  
  120  8:06  Hydralisk  
  120  8:07  Hydralisk  
  120  8:09  Hydralisk  
  127  8:13  Hydralisk  
  127  8:15  Hydralisk  
  127  8:16  Hydralisk  
  127  8:18  Hydralisk  
  128  8:20  Hydralisk  
  128  8:23  Hydralisk, Drone  
  128  8:25  Hydralisk  
  130  8:27  Hydralisk  
  130  8:29  Hydralisk, Corruptor  
  130  8:31  Hydralisk  
  130  8:33  Spore Crawler  
  135  8:36  Hydralisk  
  135  8:39  Hydralisk  
  142  8:41  Infestor  
  142  8:45  Hydralisk, Infestor  
  142  8:46  Hydralisk  
  148  8:48  Hydralisk  
  148  8:50  Hydralisk, Drone  
  154  8:58  Spine Crawler  
  154  8:59  Mutalisk  
  154  9:00  Infestor  
  154  9:01  Mutalisk  
  160  9:03  Mutalisk  
  160  9:04  Infestor  
  160  9:06  Overlord  
  160  9:07  Mutalisk  
  160  9:08  Mutalisk  
  164  9:11  Mutalisk  
  164  9:15  Mutalisk  
  170  9:17  Corruptor  
  170  9:20  Mutalisk  
  176  9:26  Corruptor  
  176  9:28  Mutalisk, Corruptor  
  182  9:34  Roach x2  
  182  9:35  Corruptor  
  182  9:36  Mutalisk  
  188  9:38  Mutalisk  
  188  9:40  Corruptor  
  188  9:43  Roach  
  188  9:44  Roach, Corruptor  
  181  9:47  Mutalisk, Infestor  
  181  9:51  Corruptor  
  156  9:54  Drone  
  156  9:59  Spore Crawler, Roach, Corruptor  
  146  10:00  Zergling x2  
  146  10:01  Mutalisk  
  146  10:02  Infestor  
  146  10:03  Hydralisk  
  146  10:07  Corruptor  
  151  10:13  Roach, Corruptor  
  151  10:14  Zergling x2, Infestor  
  153  10:15  Mutalisk  
  153  10:19  Corruptor, Spine Crawler  
  157  10:22  Drone  
  157  10:24  Corruptor  
  157  10:25  Infestor  
  157  10:27  Mutalisk, Zergling x2, Roach  
  163  10:30  Corruptor  
  163  10:34  Infestor  
  169  10:35  Corruptor  
  169  10:38  Mutalisk, Zergling x2, Roach  
  176  10:45  Hydralisk  
  176  10:47  Mutalisk  
  176  10:49  Zergling x2  
  180  10:52  Roach  
  180  10:54  Hydralisk, Corruptor  
  180  10:55  Mutalisk, Roach x3  
  180  10:56  Roach  
  185  10:58  Roach  
  185  10:59  Infestor x2  
  185  11:00  Mutalisk, Overseer  
  185  11:02  Hydralisk, Roach  
  185  11:03  Mutalisk  
  190  11:08  Mutalisk, Infestor  
  190  11:09  Infestor  
  190  11:10  Hydralisk  
  174  11:11  Roach, Zergling x2  
  174  11:13  Hydralisk  
  174  11:14  Roach, Infestor  
  174  11:17  Mutalisk  
  182  11:18  Zergling x2  
  182  11:19  Roach  
  182  11:20  Roach, Infestor  
  182  11:25  Mutalisk, Zergling x2  
  172  11:27  Infestor  
  172  11:28  Mutalisk, Roach  
  173  11:33  Zergling x2, Infestor  
  173  11:35  Mutalisk, Roach  
  173  11:37  Infestor  
  173  11:41  Zergling x2  
  173  11:42  Mutalisk, Roach  
  171  11:48  Mutalisk, Zergling x2  
  171  11:49  Roach  
  171  11:51  Mutalisk  
  176  11:54  Mutalisk, Zergling x2  
  176  11:56  Mutalisk  
  176  11:57  Zergling x2  
  176  11:59  Mutalisk  
  176  12:00  Zergling x2  
  176  12:01  Mutalisk x2  
  183  12:02  Mutalisk, Zergling x2  
  183  12:04  Mutalisk, Zergling x2  
  183  12:05  Mutalisk  
  183  12:06  Mutalisk, Zergling x2  
  183  12:07  Mutalisk  
  183  12:08  Viper, Mutalisk  
  192  12:09  Viper  
  192  12:12  Viper  
  200  12:17  Mutalisk  
  200  12:19  Mutalisk  
  200  12:20  Mutalisk  
  200  12:21  Mutalisk  
  209  12:23  Mutalisk  
  222  12:30  Zergling x2  
  222  12:31  Roach, Zergling x2  
  222  12:32  Roach x2  
  222  12:33  Infestor  
  222  12:36  Roach  
  228  12:37  Roach  
  228  12:38  Roach x2  
  228  12:40  Roach  
  228  12:41  Roach x2  
  228  12:43  Roach  
  212  12:44  Roach  
  212  12:45  Roach  
  212  12:46  Hydralisk, Roach  
  212  12:47  Hydralisk x2, Roach  
  212  12:48  Roach  
  212  12:49  Hydralisk, Roach x3  
  212  12:51  Hydralisk  
  181  12:52  Hydralisk x2  
  181  12:53  Hydralisk x2, Roach  
  181  12:54  Hydralisk  
  181  12:55  Hydralisk  
  181  12:56  Mutalisk, Roach, Hydralisk  
  181  12:57  Hydralisk, Zergling x2, Mutalisk  
  181  12:58  Hydralisk, Mutalisk  
  173  12:59  Mutalisk  
  173  13:01  Mutalisk, Hydralisk  
  173  13:02  Hydralisk, Roach  
  173  13:05  Hydralisk  
  177  13:07  Hydralisk, Zergling x2  
  177  13:08  Hydralisk, Roach  
  177  13:09  Hydralisk, Roach  
  177  13:11  Hydralisk x2, Roach  
  177  13:12  Hydralisk  
  183  13:13  Mutalisk  
  183  13:15  Mutalisk, Roach  
  183  13:16  Mutalisk  
  183  13:17  Mutalisk  
  183  13:18  Mutalisk, Roach  
  183  13:19  Mutalisk, Roach x2  
  189  13:20  Hydralisk  
  189  13:22  Hydralisk, Mutalisk  
  189  13:24  Mutalisk  
  189  13:25  Mutalisk, Roach x2  
  189  13:26  Roach x2  
  189  13:28  Mutalisk, Zergling x2, Roach  
  189  13:29  Mutalisk  
  189  13:32  Roach  
  189  13:33  Mutalisk, Zergling x2  
  189  13:34  Roach  
  179  13:35  Mutalisk  
  179  13:36  Roach  
  179  13:37  Roach  
  179  13:38  Roach x2  
  179  13:39  Roach  
  179  13:40  Roach  
  179  13:41  Mutalisk, Roach  
  187  13:42  Mutalisk x2, Roach x2  
  187  13:44  Mutalisk, Roach x3  
  187  13:45  Mutalisk, Roach, Corruptor  
  187  13:46  Mutalisk, Corruptor  
  187  13:47  Mutalisk x2, Corruptor x2  
  177  13:48  Mutalisk, Corruptor  
  177  13:49  Mutalisk, Corruptor  
  177  13:50  Corruptor  
  177  13:51  Corruptor  
  177  13:52  Corruptor  
  177  13:53  Hydralisk  
  179  13:58  Infestor x2  
  179  14:00  Viper, Infestor  
  179  14:01  Viper x2  
  179  14:08  Zergling x2  
  179  14:09  Zergling x4  
  191  14:10  Zergling x2  
  191  14:11  Zergling x4  
  191  14:12  Roach  
  191  14:13  Roach x2  
  191  14:14  Roach  
  205  14:20  Zergling x4  
  205  14:21  Zergling x4, Queen  
  205  14:22  Queen  
  205  14:23  Drone  
  205  14:24  Queen  
  238  14:34  Hatchery  
  253  14:40  Overlord  
  254  14:45  Drone  
  254  14:46  Drone  
  254  14:47  Drone x4  
  254  14:48  Drone x2  
  254  14:49  Zergling x2, Drone  
  254  14:50  Corruptor  
  254  14:51  Corruptor  
  254  14:52  Corruptor x2  
  254  14:54  Corruptor  
  254  14:55  Zergling x2  
  254  14:56  Corruptor  
  254  14:57  Corruptor  
  254  14:58  Hydralisk  
  246  15:03  Hydralisk  
  246  15:04  Hydralisk, Queen  
  246  15:05  Hydralisk x2  
  246  15:06  Hydralisk  
  248  15:10  Spine Crawler  
  248  15:12  Hydralisk, Roach, Drone  
  248  15:13  Mutalisk, Roach  
  248  15:14  Infestation Pit, Hydralisk, Roach, Mutalisk, Overlord  
  247  15:15  Roach  
  247  15:16  Hydralisk, Roach, Mutalisk  
  247  15:17  Extractor  
  247  15:18  Hydralisk  
  247  15:19  Corruptor  
  247  15:20  Hydralisk, Corruptor  
  245  15:21  Hydralisk  
  245  15:22  Mutalisk, Corruptor, Spine Crawler  
  245  15:23  Hydralisk, Corruptor, Mutalisk  
  245  15:25  Mutalisk, Corruptor  
  245  15:26  Mutalisk, Corruptor x2  
  245  15:27  Corruptor  
  245  15:28  Mutalisk, Corruptor  
  201  15:29  Mutalisk, Drone  
  201  15:31  Drone  
  201  15:33  Drone  
Show
View Real Time Build Order
Export as new Build Order

Player 7 Zerg 

Build Orders: Pool First 

Get SALT Encoding   

  1  0:00  Drone x3  
  12  0:10  Spawning Pool  
  12  0:11  Overlord  
  14  0:40  Zergling x6  
  14  0:41  Zergling x4  
  14  0:42  Zergling x2  
  14  0:43  Zergling x2  
  14  0:44  Zergling x4  
  14  0:45  Zergling x4  
  14  0:47  Zergling x2  
  14  0:48  Zergling x2  
  14  0:53  Drone  
  14  0:54  Drone  
  14  0:56  Drone  
  15  0:57  Drone  
  15  0:59  Drone, Overlord  
  15  1:00  Drone  
  15  1:02  Drone  
  15  1:03  Overlord  
  25  1:04  Drone  
  25  1:05  Drone  
  25  1:06  Drone  
  25  1:07  Drone  
  25  1:09  Drone  
  25  1:10  Drone  
  30  1:11  Extractor, Drone  
  30  1:12  Drone  
  30  1:15  Roach Warren, Overlord  
  30  1:17  Extractor  
  26  1:20  Overlord  
  26  1:22  Drone  
  26  1:24  Overlord  
  26  1:25  Queen  
  33  1:33  Lair  
  33  1:34  Hatchery  
  33  1:35  Roach x2  
  33  1:36  Roach  
  33  1:37  Roach  
  33  1:38  Roach  
  33  1:39  Roach x2  
  33  1:40  Roach  
  33  1:50  Drone  
  33  1:52  Zergling x2, Drone  
  33  1:55  Zergling x2  
  33  1:59  Zergling x2  
  33  2:01  Drone  
  49  2:03  Zergling x2  
  51  2:10  Ravager  
  51  2:11  Zergling x2, Drone, Baneling Nest  
  51  2:13  Zergling x2  
  54  2:16  Evolution Chamber  
  54  2:17  Ravager, Roach  
  54  2:18  Zergling x2  
  54  2:19  Roach  
  54  2:20  Drone  
  56  2:24  Roach  
  56  2:27  Ravager  
  56  2:28  Roach, Drone  
  59  2:31  Roach, Spine Crawler  
  59  2:33  Roach, Drone  
  63  2:37  Roach  
  63  2:38  Hydralisk Den  
  63  2:41  Drone  
  63  2:43  Infestation Pit  
  66  2:44  Roach  
  66  2:47  Roach  
  71  2:51  Roach, Evolution Chamber  
  71  2:54  Hive  
  71  2:55  Roach  
  71  2:58  Roach  
  75  3:01  Drone  
  75  3:04  Roach  
  77  3:08  Drone  
  77  3:09  Evolution Chamber  
  80  3:15  Spire  
  84  3:23  Roach  
  87  3:27  Roach  
  87  3:31  Roach  
  87  3:33  Roach  
  87  3:35  Hydralisk, Roach  
  87  3:36  Roach, Drone  
  87  3:37  Hydralisk  
  87  3:39  Hydralisk  
  87  3:41  Hydralisk  
  87  3:44  Hydralisk  
  87  3:46  Hydralisk, Spine Crawler  
  91  3:49  Hydralisk  
  97  3:56  Hydralisk  
  97  4:01  Hydralisk  
  103  4:08  Hydralisk  
  109  4:11  Mutalisk  
  109  4:12  Corruptor  
  109  4:13  Mutalisk  
  109  4:15  Corruptor  
  113  4:17  Queen  
  113  4:22  Queen  
  113  4:23  Hydralisk, Roach x2  
  119  4:26  Mutalisk  
  119  4:31  Mutalisk  
  121  4:32  Corruptor  
  122  4:39  Corruptor  
  122  4:41  Zergling x2  
  123  4:46  Roach  
  121  4:53  Hydralisk, Spine Crawler  
  121  4:54  Roach  
  121  4:55  Mutalisk  
  118  5:06  Mutalisk  
  120  5:08  Corruptor  
  124  5:14  Drone  
  124  5:15  Corruptor  
  124  5:16  Roach x2  
  128  5:21  Roach  
  128  5:24  Roach  
  128  5:25  Hydralisk, Corruptor  
  128  5:28  Mutalisk  
  125  5:30  Zergling x2  
  112  5:36  Roach  
  112  5:40  Roach  
  112  5:41  Mutalisk  
  96  5:43  Roach  
  96  5:44  Corruptor  
  96  5:48  Roach  
  95  5:50  Roach  
  95  5:52  Roach  
  95  5:53  Corruptor  
  95  5:54  Hydralisk, Spore Crawler  
  95  5:56  Mutalisk, Queen  
  95  5:59  Roach, Zergling x2  
  95  6:02  Mutalisk  
  95  6:04  Roach  
  98  6:06  Hydralisk x2, Roach, Corruptor  
  98  6:09  Roach  
  98  6:10  Roach, Hatchery  
  101  6:12  Roach, Drone  
  101  6:13  Hydralisk, Roach  
  101  6:15  Roach  
  101  6:17  Hydralisk x2  
  101  6:18  Hydralisk, Roach x2, Corruptor, Drone  
  93  6:19  Mutalisk  
  93  6:22  Hydralisk, Zergling x2  
  82  6:26  Mutalisk  
  82  6:29  Spore Crawler  
  82  6:32  Queen  
  88  6:35  Roach  
  88  6:36  Mutalisk  
  88  6:38  Roach  
  88  6:39  Roach x2, Corruptor  
  91  6:40  Drone  
  91  6:42  Hydralisk  
  91  6:43  Roach  
  91  6:44  Roach  
  89  6:47  Roach  
  89  6:49  Corruptor  
  89  6:50  Hydralisk, Roach  
  89  6:52  Roach  
  89  6:53  Hydralisk  
  78  6:55  Hydralisk, Zergling x2  
  78  6:57  Mutalisk  
  78  6:58  Roach x2  
  78  6:59  Roach  
  67  7:01  Hydralisk  
  67  7:04  Mutalisk, Roach  
  67  7:05  Roach  
  67  7:06  Spore Crawler  
  67  7:07  Mutalisk  
  67  7:08  Roach  
  61  7:09  Corruptor  
  60  7:16  Corruptor  
  60  7:18  Hydralisk, Roach  
  60  7:22  Drone  
  64  7:23  Zergling x2  
  70  7:30  Roach  
  70  7:33  Roach x2  
  70  7:34  Mutalisk  
  70  7:35  Roach  
  70  7:36  Mutalisk, Corruptor  
  58  7:37  Roach x2  
  58  7:38  Hydralisk  
  58  7:41  Corruptor  
  49  7:48  Hydralisk  
  49  7:50  Mutalisk, Zergling x2  
  47  7:52  Spore Crawler, Mutalisk  
  47  7:56  Queen  
  42  7:59  Roach  
  42  8:00  Corruptor  
  42  8:02  Roach  
  42  8:04  Roach  
  45  8:06  Roach  
  45  8:07  Corruptor  
  45  8:08  Roach, Drone  
  45  8:11  Mutalisk  
  38  8:15  Hydralisk, Zergling x2  
  38  8:17  Hydralisk  
  38  8:19  Drone x2  
  39  8:20  Mutalisk  
  39  8:23  Drone  
  39  8:26  Corruptor  
  44  8:27  Roach  
  44  8:31  Roach, Corruptor  
  44  8:33  Mutalisk, Roach, Corruptor  
  49  8:39  Zergling x2  
  49  8:40  Mutalisk  
  53  8:42  Hydralisk  
  53  8:47  Corruptor  
  53  8:48  Roach, Corruptor  
  53  8:50  Mutalisk, Roach  
  53  8:52  Roach  
  53  8:55  Mutalisk, Spine Crawler  
  58  8:57  Hydralisk  
  58  8:58  Zergling x2  
  58  9:00  Drone  
  58  9:01  Roach  
  58  9:02  Corruptor  
  65  9:03  Corruptor  
  65  9:05  Mutalisk  
  65  9:06  Roach  
  65  9:08  Roach  
  73  9:11  Hydralisk  
  73  9:13  Mutalisk  
  73  9:15  Roach  
  73  9:16  Corruptor  
  81  9:19  Mutalisk  
  81  9:20  Roach  
  81  9:21  Roach  
  89  9:24  Hydralisk  
  89  9:26  Hydralisk  
  89  9:28  Roach  
  97  9:32  Roach  
  97  9:33  Hydralisk, Roach  
  97  9:34  Mutalisk  
  97  9:35  Mutalisk  
  97  9:36  Roach  
  103  9:39  Corruptor  
  103  9:43  Roach  
  106  9:46  Roach  
  106  9:47  Corruptor  
  106  9:49  Hydralisk  
  102  9:53  Zergling x2  
  102  9:57  Mutalisk  
  102  9:59  Roach  
  104  10:01  Mutalisk  
  104  10:03  Roach x3, Corruptor  
  104  10:06  Spine Crawler  
  107  10:07  Roach  
  107  10:09  Roach  
  107  10:11  Hydralisk  
  107  10:13  Mutalisk, Corruptor  
  98  10:17  Zergling x2  
  98  10:18  Corruptor, Drone  
  98  10:19  Roach  
  98  10:21  Mutalisk, Roach  
  90  10:23  Roach  
  90  10:24  Hydralisk, Roach  
  90  10:26  Mutalisk  
  90  10:30  Roach, Corruptor  
  90  10:32  Roach  
  90  10:33  Roach  
  90  10:34  Mutalisk, Roach  
  94  10:36  Corruptor  
  94  10:37  Hydralisk, Roach  
  94  10:38  Zergling x2  
  94  10:39  Mutalisk  
  99  10:43  Roach  
  99  10:45  Hydralisk  
  99  10:47  Roach  
  99  10:49  Hydralisk  
  99  10:50  Mutalisk  
  99  10:51  Zergling x2  
  99  10:52  Roach  
  99  10:53  Roach  
  99  10:55  Mutalisk, Roach x2, Hydralisk  
  99  10:56  Roach  
  99  10:58  Roach x2  
  99  10:59  Mutalisk  
  99  11:00  Zergling x2  
  99  11:02  Roach x2  
  99  11:03  Mutalisk, Roach  
  75  11:04  Hydralisk  
  75  11:06  Roach x2  
  75  11:07  Hydralisk, Roach  
  75  11:09  Zergling x2  
  75  11:11  Roach  
  66  11:12  Hydralisk  
  66  11:13  Hydralisk, Roach  
  66  11:14  Roach  
  66  11:17  Hydralisk, Zergling x2  
  66  11:18  Roach x2  
  61  11:19  Hydralisk, Roach x2  
  61  11:20  Roach  
  61  11:23  Hydralisk, Roach  
  64  11:25  Roach, Zergling x2  
  64  11:27  Hydralisk, Roach  
  64  11:31  Roach  
  64  11:32  Zergling x2  
  60  11:34  Hydralisk, Roach  
  60  11:35  Roach x2  
  60  11:36  Drone  
  60  11:38  Roach  
  62  11:40  Hydralisk, Drone  
  62  11:42  Hydralisk  
  62  11:43  Hydralisk, Drone  
  62  11:44  Drone x2  
  62  11:45  Hydralisk  
  62  11:46  Hydralisk  
  59  11:47  Hydralisk, Drone  
  59  11:48  Drone  
  59  11:50  Hydralisk  
  59  11:51  Hydralisk  
  59  11:52  Drone  
  59  11:53  Drone  
  59  11:54  Hydralisk x2, Drone  
  53  11:55  Hydralisk  
  53  11:56  Drone  
  53  11:57  Drone  
  53  12:00  Drone  
  48  12:01  Roach x2, Drone  
  48  12:02  Roach  
  48  12:04  Drone  
  48  12:05  Drone  
  48  12:07  Drone  
  48  12:08  Drone x2  
  44  12:09  Drone  
  44  12:10  Drone x2  
  44  12:11  Drone x2  
  44  12:12  Drone  
  44  12:13  Drone x2  
  44  12:14  Drone  
  44  12:15  Drone x2  
  34  12:16  Drone  
  34  12:17  Drone  
  34  12:18  Roach x4, Drone  
Show
View Real Time Build Order
Export as new Build Order

Player 6 Zerg 

Build Orders: Pool First, Ravager All-In 

Get SALT Encoding   

  1  0:00  Drone x3  
  12  0:09  Spawning Pool  
  12  0:11  Overlord  
  14  0:40  Zergling x6  
  14  0:41  Zergling x4  
  14  0:42  Zergling x2  
  14  0:43  Zergling x2  
  14  0:44  Zergling x4  
  14  0:45  Zergling x4  
  14  0:47  Zergling x2  
  14  0:48  Zergling x2  
  14  0:53  Drone  
  14  0:54  Drone  
  14  0:55  Drone  
  15  0:57  Drone  
  15  0:58  Drone  
  15  0:59  Drone, Overlord  
  15  1:01  Drone  
  15  1:03  Overlord  
  15  1:04  Drone  
  25  1:05  Drone x2  
  25  1:08  Queen, Drone  
  25  1:10  Drone  
  25  1:11  Extractor  
  32  1:12  Drone  
  32  1:14  Drone  
  32  1:15  Roach Warren, Drone, Overlord  
  32  1:18  Drone, Extractor  
  35  1:19  Overlord  
  36  1:28  Overlord  
  36  1:29  Hatchery  
  36  1:32  Zergling x2  
  37  1:35  Roach  
  37  1:36  Roach  
  37  1:37  Roach, Lair  
  37  1:38  Roach  
  37  1:39  Roach  
  34  1:41  Roach  
  34  1:42  Roach  
  34  1:43  Roach  
  34  1:45  Roach  
  31  1:54  Drone  
  31  1:55  Roach  
  31  1:58  Drone  
  43  2:02  Roach  
  43  2:03  Zergling x2  
  43  2:07  Drone  
  50  2:12  Ravager, Zergling x2  
  50  2:14  Baneling Nest  
  50  2:15  Zergling x2, Drone  
  53  2:17  Ravager  
  53  2:19  Zergling x2  
  53  2:20  Evolution Chamber  
  53  2:21  Zergling x2  
  53  2:22  Zergling x2, Drone  
  57  2:26  Ravager  
  57  2:27  Roach, Zergling x2  
  60  2:30  Zergling x2, Roach, Drone  
  60  2:31  Ravager  
  60  2:32  Spine Crawler  
  60  2:35  Roach  
  60  2:36  Zergling x2  
  63  2:37  Roach  
  63  2:39  Infestation Pit, Drone  
  65  2:45  Baneling, Drone  
  65  2:46  Hydralisk Den  
  65  2:47  Baneling, Roach  
  65  2:48  Baneling  
  71  2:54  Baneling  
  71  2:56  Evolution Chamber  
  71  2:58  Baneling, Zergling x2, Roach  
  76  3:05  Hive  
  76  3:08  Evolution Chamber, Drone  
  76  3:09  Roach, Zergling x2  
  77  3:17  Spine Crawler  
  77  3:18  Zergling x2, Drone  
  77  3:19  Roach  
  79  3:20  Drone  
  79  3:22  Roach  
  79  3:23  Spire  
  79  3:24  Roach  
  79  3:27  Roach  
  80  3:29  Roach  
  80  3:31  Roach  
  80  3:33  Roach  
  74  3:37  Zergling x2  
  54  3:44  Roach  
  40  3:49  Zergling x2, Roach  
  40  3:51  Hydralisk  
  40  3:53  Hydralisk  
  43  3:56  Ravager  
  43  4:02  Hydralisk  
  44  4:03  Roach  
  44  4:06  Spine Crawler  
  44  4:07  Zergling x2, Drone  
  48  4:10  Roach  
  48  4:14  Zergling x2  
  48  4:15  Roach  
  48  4:16  Corruptor  
  50  4:17  Mutalisk  
  50  4:19  Mutalisk, Zergling x2  
  50  4:20  Roach, Corruptor  
  55  4:27  Mutalisk  
  55  4:28  Roach  
  55  4:29  Corruptor  
  55  4:31  Mutalisk  
  60  4:36  Corruptor  
  64  4:43  Roach  
  70  4:46  Mutalisk  
  70  4:50  Mutalisk, Zergling x2, Corruptor  
  76  4:58  Corruptor  
  79  5:03  Roach  
  79  5:04  Spore Crawler  
  79  5:05  Mutalisk  
  78  5:08  Corruptor  
  78  5:11  Mutalisk  
  78  5:13  Drone  
  77  5:15  Zergling x2  
  77  5:17  Corruptor  
  77  5:19  Corruptor  
  77  5:20  Mutalisk  
  77  5:21  Roach  
  80  5:30  Mutalisk  
  80  5:34  Zergling x2  
  80  5:35  Mutalisk, Corruptor  
  79  5:36  Corruptor  
  79  5:37  Roach  
  83  5:43  Mutalisk  
  83  5:45  Spore Crawler  
  83  5:48  Mutalisk  
  83  5:49  Corruptor, Drone  
  88  5:51  Roach  
  88  5:52  Corruptor  
  93  5:58  Zergling x2  
  93  5:59  Mutalisk  
  93  6:03  Mutalisk, Corruptor  
  96  6:06  Roach, Corruptor  
  104  6:13  Mutalisk, Zergling x2  
  104  6:16  Corruptor  
  109  6:20  Mutalisk  
  109  6:21  Roach, Corruptor  
  115  6:26  Spore Crawler  
  115  6:28  Mutalisk  
  115  6:30  Mutalisk, Zergling x2, Corruptor, Drone  
  105  6:38  Roach  
  105  6:39  Corruptor  
  97  6:43  Roach  
  91  6:47  Mutalisk  
  91  6:48  Zergling x2  
  91  6:49  Roach  
  91  6:50  Mutalisk  
  91  6:52  Roach  
  91  6:53  Mutalisk  
  90  6:55  Corruptor  
  90  6:56  Corruptor  
  90  6:57  Roach  
  90  7:01  Roach  
  82  7:02  Spore Crawler, Roach  
  82  7:03  Roach  
  67  7:09  Roach  
  67  7:12  Hydralisk, Corruptor  
  67  7:14  Mutalisk  
  67  7:15  Zergling x2, Corruptor  
  61  7:16  Mutalisk  
  61  7:18  Mutalisk, Drone  
  61  7:20  Roach  
  61  7:21  Corruptor  
  46  7:23  Mutalisk  
  46  7:24  Corruptor  
  46  7:27  Mutalisk  
  46  7:28  Roach, Zergling x2  
  46  7:29  Corruptor  
  46  7:30  Extractor  
  46  7:32  Mutalisk  
  46  7:33  Corruptor  
  46  7:36  Mutalisk, Roach  
  46  7:37  Zergling x2  
  42  7:44  Corruptor  
  52  7:46  Mutalisk, Corruptor  
  52  7:48  Mutalisk, Zergling x2  
  52  7:49  Roach  
  63  7:54  Drone  
  63  7:55  Corruptor  
  63  7:57  Mutalisk, Corruptor  
  70  7:59  Mutalisk  
  70  8:00  Zergling x2  
  70  8:01  Roach  
  77  8:08  Corruptor  
  77  8:09  Mutalisk  
  77  8:11  Mutalisk  
  77  8:12  Zergling x2, Roach  
  82  8:15  Mutalisk  
  82  8:17  Mutalisk  
  84  8:24  Mutalisk  
  84  8:25  Roach  
  84  8:26  Mutalisk, Zergling x2  
  84  8:27  Roach  
  84  8:29  Corruptor  
  84  8:31  Mutalisk  
  84  8:33  Mutalisk  
  79  8:34  Zergling x2, Roach  
  79  8:37  Corruptor  
  79  8:38  Mutalisk  
  79  8:41  Mutalisk  
  83  8:42  Roach, Corruptor  
  83  8:46  Mutalisk, Corruptor  
  84  8:49  Mutalisk, Roach  
  87  8:56  Mutalisk  
  87  8:57  Corruptor  
  87  8:58  Roach  
  87  9:00  Mutalisk, Corruptor  
  87  9:05  Zergling x2  
  86  9:11  Corruptor  
  86  9:12  Mutalisk, Roach  
  86  9:13  Corruptor  
  86  9:14  Mutalisk  
  93  9:17  Zergling x2  
  93  9:19  Roach x2  
  93  9:24  Mutalisk, Roach, Corruptor  
  97  9:25  Roach  
  97  9:26  Mutalisk, Corruptor  
  97  9:28  Zergling x2  
  97  9:29  Roach  
  99  9:36  Roach, Corruptor  
  99  9:37  Mutalisk, Roach  
  99  9:38  Roach  
  106  9:39  Mutalisk, Corruptor  
  106  9:40  Roach  
  106  9:42  Zergling x2  
  110  9:46  Roach  
  110  9:48  Roach  
  110  9:50  Mutalisk, Corruptor  
  110  9:51  Roach  
  110  9:52  Roach  
  114  9:53  Mutalisk  
  114  9:56  Zergling x2  
  114  9:59  Roach  
  105  10:02  Roach  
  105  10:03  Mutalisk  
  105  10:05  Mutalisk, Corruptor  
  105  10:06  Roach, Zergling x2  
  109  10:07  Corruptor  
  109  10:11  Corruptor  
  109  10:13  Corruptor  
  109  10:14  Roach, Zergling x2  
  108  10:18  Corruptor  
  108  10:20  Roach, Zergling x2  
  109  10:26  Roach, Zergling x2  
  116  10:31  Roach  
  116  10:32  Zergling x2  
  116  10:35  Roach, Zergling x2  
  123  10:36  Roach  
  123  10:38  Roach  
  123  10:40  Roach  
  123  10:41  Mutalisk  
  123  10:42  Mutalisk  
  132  10:44  Zergling x2  
  132  10:46  Zergling x2  
  138  10:50  Roach  
  138  10:51  Mutalisk  
  138  10:53  Mutalisk, Roach  
  138  10:54  Roach  
  138  10:55  Mutalisk  
  138  10:56  Mutalisk  
  143  10:58  Mutalisk  
  143  10:59  Mutalisk, Drone  
  143  11:00  Mutalisk  
  143  11:02  Mutalisk  
  143  11:03  Mutalisk  
  146  11:04  Mutalisk  
  146  11:06  Mutalisk  
  146  11:07  Spine Crawler  
  146  11:08  Mutalisk, Roach  
  130  11:13  Roach  
  130  11:15  Roach  
  130  11:16  Roach  
  121  11:18  Roach  
  121  11:19  Roach  
  121  11:21  Hydralisk  
  121  11:22  Zergling x2, Roach  
  121  11:23  Hydralisk  
  128  11:25  Zergling x2  
  128  11:29  Hydralisk, Roach  
  128  11:30  Roach  
  128  11:32  Roach  
  134  11:33  Hydralisk  
  134  11:37  Roach, Zergling x2  
  134  11:38  Hydralisk  
  134  11:39  Mutalisk  
  139  11:41  Hydralisk, Roach  
  139  11:43  Mutalisk  
  139  11:44  Hydralisk  
  139  11:45  Lair  
  139  11:46  Mutalisk  
  144  11:47  Hydralisk, Drone  
  144  11:52  Hydralisk  
  144  11:53  Mutalisk  
  147  11:55  Spore Crawler, Hydralisk  
  147  12:00  Hydralisk  
  150  12:01  Zergling x2  
  150  12:02  Roach, Overseer  
  150  12:03  Hydralisk  
  150  12:05  Zergling x2  
  150  12:06  Roach  
  150  12:07  Hydralisk  
  158  12:09  Zergling x2, Roach  
  158  12:10  Hydralisk  
  158  12:12  Zergling x2  
  158  12:13  Hydralisk, Roach  
  158  12:15  Hydralisk  
  164  12:16  Zergling x2, Infestor  
  164  12:17  Hydralisk, Infestor  
  164  12:18  Zergling x2, Infestor  
  164  12:19  Hydralisk, Infestor  
  164  12:20  Infestor  
  164  12:21  Zergling x2, Infestor  
  174  12:22  Infestor  
  174  12:23  Zergling x2, Infestor  
  174  12:25  Hydralisk, Zergling x2, Infestor  
  174  12:26  Hydralisk, Infestor  
  174  12:27  Infestor x2  
  202  12:46  Overlord  
  202  12:49  Mutalisk, Viper  
  202  12:50  Viper  
  206  12:52  Viper  
  206  12:53  Viper  
  206  12:54  Viper  
  206  12:55  Viper  
  218  12:59  Corruptor  
  218  13:05  Queen  
  232  13:08  Queen, Drone  
  234  13:18  Mutalisk  
  234  13:19  Mutalisk, Hatchery  
  241  13:20  Mutalisk  
  241  13:21  Mutalisk  
  241  13:22  Mutalisk  
  241  13:23  Mutalisk  
  241  13:24  Mutalisk  
  241  13:25  Mutalisk  
  241  13:26  Mutalisk  
  254  13:27  Mutalisk  
  254  13:28  Mutalisk  
  254  13:30  Mutalisk x2  
  254  13:31  Mutalisk  
  256  13:40  Queen, Drone  
  258  13:46  Overseer  
  244  13:49  Lurker Den  
  256  14:00  Overlord  
  258  14:27  Overlord  
  258  14:34  Drone  
  258  14:37  Mutalisk  
  258  14:38  Overseer  
  258  14:44  Mutalisk  
  258  14:45  Mutalisk, Hatchery  
  257  14:49  Mutalisk  
  257  14:50  Mutalisk  
  257  14:51  Mutalisk x2  
  257  14:52  Mutalisk  
  258  14:53  Mutalisk  
  258  14:54  Mutalisk  
  258  14:55  Mutalisk  
  258  14:57  Mutalisk  
  258  14:58  Mutalisk x2, Infestor  
  258  14:59  Mutalisk, Infestor  
  258  15:00  Hydralisk  
  258  15:06  Roach  
  258  15:07  Roach  
  258  15:08  Roach  
  258  15:09  Roach, Zergling x2  
  258  15:10  Hydralisk, Roach  
  258  15:11  Roach x2, Zergling x2  
  258  15:13  Roach x2  
  256  15:14  Roach  
  256  15:17  Roach x2  
  256  15:18  Hydralisk, Roach x2  
  256  15:19  Hydralisk, Roach  
  256  15:20  Hydralisk x2, Roach  
  256  15:21  Hydralisk, Roach x2  
  251  15:22  Hydralisk x2, Roach  
  251  15:23  Hydralisk, Roach  
  251  15:24  Hydralisk x2  
  251  15:25  Hydralisk  
  251  15:26  Hydralisk x2  
  251  15:27  Hydralisk x2  
  162  15:28  Hydralisk  
  162  15:29  Hydralisk  
  162  15:30  Hydralisk, Mutalisk  
  162  15:31  Mutalisk  
  162  15:32  Mutalisk x2  
  109  15:43  Baneling  
Show
View Real Time Build Order
Export as new Build Order

Player 5 Zerg 

Build Orders: Pool First, Ravager All-In 

Get SALT Encoding   

  12  0:00  Drone x4  
  12  0:01  Drone  
  12  0:02  Drone  
  12  0:03  Drone  
  12  0:04  Drone  
  12  0:05  Drone  
  12  0:06  Overlord  
  13  0:13  Spawning Pool  
  17  0:15  Extractor  
  17  0:21  Overlord  
  19  0:33  Extractor  
  18  0:44  Zergling x4  
  18  0:49  Drone  
  18  0:50  Drone  
  18  0:52  Zergling x4  
  18  0:53  Zergling x2, Drone  
  18  0:55  Drone  
  18  0:56  Zergling x2, Drone  
  18  0:57  Zergling x2  
  18  0:58  Zergling x2  
  18  1:00  Zergling x2  
  18  1:02  Zergling x2, Roach Warren, Overlord  
  18  1:03  Zergling x2  
  18  1:04  Zergling x2  
  21  1:05  Zergling x2  
  21  1:06  Zergling x2, Overlord  
  21  1:08  Overlord  
  21  1:10  Zergling x2  
  25  1:11  Zergling x4  
  25  1:13  Zergling x2  
  25  1:15  Drone x2  
  25  1:19  Drone x2  
  25  1:20  Drone  
  25  1:21  Drone  
  25  1:22  Zergling x2, Drone x2  
  25  1:23  Zergling x2, Drone  
  25  1:24  Roach, Drone x2  
  25  1:25  Roach, Drone  
  22  1:26  Drone  
  22  1:27  Roach  
  22  1:28  Roach x2, Drone x3  
  22  1:29  Drone x5  
  22  1:30  Roach x2, Drone  
  22  1:31  Roach  
  22  1:32  Roach x2  
  26  1:33  Roach  
  26  1:34  Roach  
  26  1:37  Drone x2  
  26  1:38  Drone x2  
  25  1:43  Overlord  
  25  1:45  Roach, Queen  
  25  1:46  Drone  
  25  1:47  Roach  
  37  1:48  Roach  
  37  1:49  Roach, Drone x2  
  37  1:50  Roach  
  37  1:51  Roach  
  37  1:52  Roach  
  55  1:54  Lair  
  55  1:55  Roach  
  55  1:58  Hatchery  
  55  2:00  Roach, Drone  
  56  2:05  Roach  
  65  2:08  Baneling Nest  
  65  2:09  Drone  
  73  2:16  Ravager, Hive  
  73  2:18  Zergling x2  
  73  2:19  Evolution Chamber  
  73  2:21  Ravager, Roach  
  77  2:24  Zergling x2  
  77  2:26  Roach  
  77  2:29  Zergling x2  
  79  2:34  Roach  
  79  2:37  Ravager, Zergling x2, Drone  
  81  2:41  Baneling  
  81  2:42  Evolution Chamber  
  81  2:43  Ravager, Zergling x2  
  84  2:45  Baneling, Drone  
  84  2:49  Roach  
  89  2:51  Ravager, Spine Crawler, Baneling  
  89  2:52  Drone  
  89  2:56  Hydralisk Den  
  89  2:58  Drone  
  91  2:59  Baneling, Zergling x2, Spire  
  91  3:02  Ravager  
  91  3:05  Roach  
  93  3:06  Infestation Pit  
  93  3:08  Baneling  
  93  3:09  Drone  
  93  3:12  Baneling  
  95  3:14  Zergling x2  
  95  3:16  Roach, Evolution Chamber  
  95  3:17  Drone  
  95  3:19  Ravager  
  96  3:21  Roach  
  99  3:27  Roach  
  99  3:30  Zergling x2  
  99  3:32  Roach  
  86  3:35  Roach  
  86  3:37  Drone  
  86  3:38  Roach, Spine Crawler  
  59  3:41  Roach  
  59  3:42  Zergling x2  
  59  3:43  Roach  
  59  3:45  Roach  
  48  3:48  Roach  
  48  3:49  Zergling x2  
  48  3:51  Roach  
  48  3:54  Roach  
  53  3:57  Roach, Zergling x2  
  53  3:59  Roach  
  53  4:01  Roach  
  58  4:04  Roach  
  58  4:05  Zergling x2, Roach  
  58  4:06  Corruptor  
  58  4:07  Roach  
  58  4:08  Corruptor  
  64  4:11  Roach, Zergling x2  
  64  4:12  Roach  
  64  4:14  Corruptor  
  64  4:16  Zergling x2, Corruptor  
  71  4:19  Roach  
  71  4:20  Drone  
  71  4:22  Corruptor  
  71  4:23  Zergling x2, Corruptor  
  78  4:26  Spine Crawler  
  78  4:28  Roach  
  78  4:31  Corruptor  
  86  4:32  Zergling x2, Corruptor  
  86  4:36  Roach, Corruptor  
  86  4:37  Corruptor  
  92  4:40  Zergling x2  
  92  4:41  Corruptor  
  92  4:43  Corruptor  
  99  4:46  Corruptor  
  106  4:53  Corruptor  
  106  4:56  Corruptor  
  106  4:59  Corruptor  
  108  5:00  Zergling x2  
  108  5:01  Roach  
  108  5:04  Corruptor  
  116  5:07  Corruptor  
  117  5:14  Zergling x2, Roach  
  117  5:17  Roach, Corruptor  
  117  5:18  Corruptor  
  117  5:20  Zergling x2  
  114  5:21  Roach  
  114  5:22  Roach x2  
  114  5:27  Corruptor  
  104  5:30  Corruptor  
  104  5:31  Drone  
  104  5:32  Roach  
  104  5:33  Spore Crawler, Zergling x2  
  104  5:35  Roach  
  97  5:39  Roach  
  97  5:40  Corruptor  
  96  5:44  Roach  
  96  5:45  Zergling x2, Corruptor, Roach  
  96  5:46  Roach  
  96  5:47  Roach  
  92  5:52  Roach  
  92  5:53  Roach, Corruptor  
  92  5:56  Corruptor  
  94  5:59  Zergling x2, Roach  
  94  6:01  Roach  
  94  6:04  Roach x2  
  80  6:05  Roach  
  80  6:06  Corruptor  
  80  6:07  Roach  
  80  6:08  Corruptor  
  80  6:09  Corruptor  
  80  6:10  Roach  
  82  6:13  Roach, Corruptor, Zergling x2  
  82  6:14  Spore Crawler, Roach  
  82  6:15  Drone  
  82  6:16  Roach  
  82  6:18  Roach  
  75  6:20  Roach  
  75  6:21  Corruptor  
  75  6:23  Zergling x2  
  75  6:24  Corruptor  
  50  6:25  Roach  
  50  6:28  Roach  
  50  6:29  Roach  
  50  6:32  Corruptor  
  41  6:35  Zergling x2, Roach  
  41  6:37  Roach  
  48  6:40  Roach  
  48  6:41  Corruptor  
  48  6:46  Zergling x2, Corruptor  
  53  6:48  Roach  
  53  6:49  Roach  
  53  6:52  Spore Crawler, Drone  
  61  6:54  Roach  
  61  6:55  Corruptor  
  61  6:58  Corruptor  
  61  6:59  Corruptor  
  69  7:01  Zergling x2  
  69  7:02  Roach  
  69  7:03  Roach, Spine Crawler  
  69  7:04  Drone  
  69  7:06  Roach  
  69  7:08  Corruptor  
  70  7:10  Corruptor  
  70  7:11  Roach  
  70  7:14  Zergling x2  
  70  7:15  Roach, Corruptor  
  65  7:17  Roach  
  65  7:22  Roach, Corruptor  
  59  7:26  Corruptor  
  59  7:28  Roach, Zergling x2  
  58  7:31  Roach  
  58  7:33  Corruptor  
  58  7:35  Roach  
  63  7:39  Roach, Corruptor, Zergling x2  
  63  7:41  Roach x2  
  63  7:42  Roach  
  63  7:46  Roach x2  
  63  7:47  Roach  
  63  7:50  Roach x2, Corruptor  
  66  7:53  Roach  
  66  7:54  Zergling x2, Corruptor  
  66  7:55  Roach  
  66  7:56  Roach x2  
  66  7:57  Roach, Corruptor  
  74  8:02  Roach  
  74  8:07  Zergling x2, Corruptor  
  74  8:09  Corruptor  
  74  8:11  Roach, Corruptor  
  66  8:13  Spore Crawler, Roach  
  66  8:15  Roach  
  66  8:16  Roach, Drone  
  57  8:21  Zergling x2  
  57  8:22  Corruptor  
  57  8:24  Roach  
  57  8:25  Corruptor  
  36  8:28  Zergling x2  
  36  8:29  Roach x2, Drone  
  36  8:31  Roach  
  31  8:36  Corruptor  
  31  8:37  Roach  
  31  8:38  Corruptor  
  31  8:40  Drone  
  31  8:41  Roach, Zergling x2  
  39  8:43  Roach  
  39  8:47  Corruptor  
  31  8:48  Corruptor  
  31  8:49  Roach  
  31  8:52  Spine Crawler, Drone  
  31  8:53  Roach, Zergling x2  
  29  8:55  Roach  
  29  8:58  Corruptor  
  29  9:00  Roach, Corruptor  
  31  9:02  Roach  
  31  9:03  Zergling x2  
  31  9:04  Roach  
  31  9:05  Drone  
  31  9:06  Roach  
  34  9:12  Roach  
  34  9:13  Zergling x2  
  34  9:14  Roach  
  34  9:15  Roach  
  34  9:16  Drone  
  30  9:20  Evolution Chamber  
  30  9:21  Roach  
  30  9:22  Zergling x2  
  30  9:23  Drone  
  21  9:24  Drone  
  21  9:25  Drone x3  
  21  9:29  Zergling x2, Spine Crawler  
  14  9:31  Drone  
  14  9:32  Drone  
  14  9:33  Drone  
  14  9:35  Drone  
  14  9:36  Drone  
  14  9:37  Drone  
  14  9:38  Drone x2  
  11  9:39  Drone  
  11  9:41  Drone  
  11  9:42  Drone  
  11  9:43  Drone  
  11  9:45  Drone  
  7  9:46  Drone  
  7  9:47  Drone x3  
  7  9:48  Drone  
  7  9:49  Drone  
  7  9:50  Drone  
  7  9:52  Drone  
  6  9:53  Drone  
  6  9:54  Drone x2  
  6  9:55  Drone  
  6  9:56  Drone  
  6  9:57  Drone  
  6  9:58  Drone x2  
  6  9:59  Drone x2  
  1  10:18  Drone  
Show
View Real Time Build Order
Export as new Build Order

Player 4 Zerg 

Build Orders: Pool First 

Get SALT Encoding   

  1  0:00  Drone x3  
  12  0:11  Spawning Pool, Overlord  
  14  0:43  Zergling x4  
  14  0:44  Zergling x4  
  14  0:45  Zergling x4  
  14  0:47  Zergling x4  
  14  0:48  Zergling x2  
  14  0:49  Zergling x2  
  14  0:50  Zergling x2  
  14  0:52  Zergling x4  
  14  0:59  Queen, Drone  
  14  1:00  Drone  
  14  1:02  Drone  
  14  1:03  Overlord  
  14  1:04  Drone x2  
  23  1:05  Drone  
  23  1:07  Drone  
  23  1:08  Overlord  
  23  1:10  Drone  
  29  1:11  Drone  
  29  1:12  Drone  
  29  1:14  Zergling x2, Drone  
  29  1:16  Drone, Extractor  
  29  1:17  Drone  
  29  1:18  Drone x2  
  30  1:19  Roach Warren  
  30  1:20  Overlord  
  30  1:21  Drone  
  30  1:22  Extractor  
  29  1:27  Overlord  
  29  1:31  Overlord  
  29  1:32  Hatchery  
  30  1:39  Roach, Lair  
  31  1:41  Roach x2  
  31  1:42  Roach  
  31  1:43  Roach  
  31  1:44  Roach x2  
  31  1:45  Roach  
  31  1:46  Roach  
  31  1:56  Drone  
  31  2:01  Zergling x2, Roach  
  37  2:02  Drone  
  37  2:07  Zergling x2  
  49  2:11  Roach  
  49  2:12  Hive  
  49  2:14  Zergling x2, Drone  
  51  2:17  Ravager  
  51  2:20  Zergling x2, Baneling Nest  
  51  2:22  Zergling x2  
  54  2:23  Ravager  
  54  2:24  Zergling x2, Drone  
  54  2:26  Zergling x2  
  54  2:27  Evolution Chamber  
  56  2:30  Zergling x2  
  56  2:32  Zergling x2  
  56  2:34  Drone  
  60  2:38  Roach  
  60  2:39  Drone  
  60  2:40  Roach  
  60  2:42  Roach  
  60  2:43  Infestation Pit  
  63  2:48  Hydralisk Den  
  65  2:52  Drone  
  65  2:54  Roach  
  68  2:59  Roach  
  68  3:01  Roach, Spine Crawler  
  68  3:04  Drone  
  72  3:06  Roach  
  72  3:09  Roach, Spire  
  72  3:11  Roach, Drone  
  71  3:18  Zergling x2  
  76  3:20  Roach x2, Evolution Chamber  
  76  3:23  Roach  
  76  3:26  Roach, Drone  
  80  3:31  Roach  
  80  3:32  Zergling x2  
  80  3:33  Roach, Evolution Chamber  
  73  3:35  Roach  
  73  3:40  Roach  
  70  3:41  Zergling x2  
  70  3:43  Roach  
  70  3:44  Zergling x2, Drone  
  70  3:47  Roach, Zergling x2  
  51  3:48  Spine Crawler  
  51  3:50  Roach, Zergling x2  
  51  3:53  Roach, Zergling x2  
  55  3:56  Roach, Zergling x2  
  55  3:59  Mutalisk  
  55  4:00  Zergling x2  
  55  4:01  Mutalisk  
  55  4:02  Zergling x2  
  62  4:03  Mutalisk  
  62  4:04  Zergling x2  
  62  4:05  Mutalisk  
  62  4:08  Mutalisk  
  68  4:10  Mutalisk  
  68  4:14  Mutalisk  
  68  4:16  Mutalisk  
  75  4:18  Mutalisk  
  75  4:19  Zergling x2  
  75  4:20  Corruptor  
  75  4:22  Mutalisk, Corruptor  
  75  4:23  Mutalisk  
  79  4:27  Corruptor  
  79  4:28  Mutalisk  
  79  4:30  Mutalisk  
  85  4:32  Corruptor, Drone  
  85  4:34  Mutalisk  
  90  4:38  Mutalisk, Corruptor  
  90  4:39  Spine Crawler  
  90  4:41  Mutalisk  
  96  4:46  Mutalisk  
  96  4:47  Corruptor  
  96  4:48  Mutalisk  
  96  4:51  Corruptor  
  106  4:54  Mutalisk  
  106  4:55  Corruptor  
  106  4:58  Corruptor  
  112  5:00  Corruptor  
  118  5:11  Mutalisk  
  124  5:14  Mutalisk  
  124  5:16  Mutalisk  
  124  5:18  Mutalisk  
  124  5:20  Roach  
  130  5:22  Roach  
  130  5:27  Corruptor  
  130  5:28  Mutalisk  
  128  5:30  Mutalisk, Zergling x2, Roach  
  128  5:32  Spore Crawler, Drone  
  105  5:38  Roach  
  105  5:40  Roach x3  
  105  5:41  Mutalisk, Corruptor  
  100  5:44  Mutalisk, Roach  
  100  5:45  Zergling x2  
  100  5:46  Corruptor  
  100  5:47  Roach  
  100  5:48  Mutalisk  
  98  5:54  Roach  
  98  5:55  Roach  
  64  6:00  Mutalisk, Corruptor  
  64  6:01  Mutalisk  
  64  6:03  Zergling x2  
  42  6:05  Roach  
  42  6:06  Spore Crawler, Corruptor  
  42  6:07  Corruptor  
  42  6:09  Roach  
  42  6:10  Drone  
  45  6:13  Roach x2  
  45  6:15  Mutalisk  
  45  6:16  Roach  
  45  6:17  Mutalisk, Corruptor  
  45  6:19  Mutalisk  
  45  6:21  Zergling x2  
  45  6:24  Corruptor  
  45  6:25  Roach  
  43  6:29  Roach  
  43  6:31  Mutalisk  
  45  6:33  Mutalisk  
  45  6:34  Zergling x2  
  45  6:35  Corruptor  
  45  6:37  Spore Crawler, Drone  
  45  6:38  Mutalisk  
  44  6:40  Roach, Corruptor  
  44  6:44  Corruptor  
  48  6:50  Zergling x2  
  48  6:51  Mutalisk  
  45  6:57  Mutalisk  
  45  6:59  Roach x2  
  47  7:01  Corruptor  
  47  7:04  Corruptor  
  47  7:08  Zergling x2, Roach  
  49  7:12  Mutalisk  
  49  7:13  Corruptor  
  49  7:15  Roach  
  53  7:16  Mutalisk, Spore Crawler  
  53  7:20  Mutalisk, Roach, Corruptor  
  53  7:21  Roach  
  53  7:22  Queen  
  52  7:26  Drone  
  52  7:27  Roach, Queen  
  52  7:28  Corruptor  
  49  7:30  Zergling x2  
  49  7:31  Mutalisk, Roach, Corruptor  
  49  7:32  Queen  
  49  7:35  Mutalisk  
  44  7:38  Mutalisk  
  44  7:41  Corruptor  
  44  7:44  Corruptor  
  40  7:47  Mutalisk, Roach, Zergling x2  
  40  7:50  Mutalisk  
  40  7:51  Corruptor  
  42  7:54  Corruptor  
  42  7:57  Mutalisk  
  42  7:58  Roach  
  42  7:59  Zergling x2  
  42  8:01  Mutalisk  
  42  8:02  Corruptor  
  49  8:07  Corruptor  
  49  8:10  Mutalisk, Zergling x2, Roach  
  55  8:15  Mutalisk  
  55  8:16  Mutalisk  
  62  8:22  Mutalisk, Corruptor  
  62  8:23  Corruptor  
  62  8:24  Mutalisk  
  62  8:25  Roach  
  62  8:26  Zergling x2  
  69  8:32  Mutalisk  
  69  8:33  Corruptor  
  69  8:34  Mutalisk  
  66  8:35  Mutalisk, Roach, Corruptor  
  66  8:48  Mutalisk, Corruptor  
  59  8:49  Mutalisk  
  59  8:50  Zergling x2, Corruptor, Roach  
  59  8:52  Mutalisk  
  61  8:56  Roach x2  
  61  9:01  Mutalisk  
  67  9:04  Zergling x2, Corruptor, Roach  
  67  9:07  Mutalisk  
  67  9:09  Corruptor  
  64  9:10  Roach x2  
  64  9:11  Mutalisk  
  64  9:12  Corruptor  
  64  9:13  Corruptor  
  63  9:17  Roach  
  63  9:20  Mutalisk, Roach  
  63  9:23  Corruptor  
  63  9:24  Mutalisk  
  59  9:26  Corruptor  
  59  9:28  Zergling x2  
  59  9:29  Mutalisk  
  59  9:31  Roach x2  
  41  9:35  Ultralisk Cavern, Corruptor, Drone  
  41  9:36  Mutalisk  
  41  9:37  Zergling x2  
  39  9:40  Corruptor  
  39  9:41  Mutalisk  
  39  9:42  Roach  
  36  9:46  Drone  
  36  9:47  Corruptor  
  36  9:50  Mutalisk, Zergling x2  
  37  9:53  Mutalisk, Drone  
  37  9:54  Roach, Drone  
  37  9:55  Corruptor  
  37  9:58  Drone  
  36  10:01  Mutalisk, Corruptor  
  36  10:02  Zergling x2  
  36  10:03  Roach  
  36  10:04  Mutalisk, Corruptor  
  45  10:08  Drone  
  45  10:11  Mutalisk, Corruptor  
  45  10:12  Mutalisk  
  45  10:13  Roach  
  50  10:14  Drone  
  50  10:16  Spore Crawler, Corruptor  
  57  10:21  Zergling x2  
  57  10:22  Corruptor  
  57  10:23  Mutalisk, Roach  
  57  10:26  Mutalisk, Corruptor  
  64  10:35  Mutalisk, Roach  
  73  10:38  Mutalisk  
  73  10:40  Mutalisk, Zergling x2  
  73  10:41  Corruptor  
  78  10:44  Corruptor  
  78  10:47  Mutalisk  
  78  10:48  Corruptor  
  78  10:49  Roach  
  83  10:51  Mutalisk, Corruptor  
  83  10:52  Spore Crawler  
  83  10:55  Mutalisk, Corruptor, Drone  
  83  10:57  Mutalisk, Roach  
  82  10:59  Mutalisk  
  82  11:01  Mutalisk  
  82  11:03  Roach  
  79  11:04  Mutalisk  
  79  11:06  Mutalisk  
  79  11:08  Roach  
  86  11:12  Hydralisk  
  86  11:13  Roach, Zergling x2  
  86  11:14  Roach  
  86  11:16  Roach  
  96  11:19  Hydralisk  
  96  11:20  Roach  
  96  11:21  Zergling x2  
  96  11:22  Roach  
  96  11:23  Roach  
  96  11:25  Zergling x2  
  106  11:28  Zergling x4, Roach  
  106  11:31  Roach, Zergling x4  
  76  11:33  Zergling x2  
  76  11:34  Roach  
  76  11:35  Zergling x2  
  76  11:36  Roach, Zergling x2  
  76  11:37  Zergling x2  
  76  11:39  Zergling x2  
  53  11:40  Zergling x2  
  53  11:41  Zergling x2  
  53  11:42  Zergling x2  
  53  11:43  Zergling x4  
  53  11:44  Zergling x2  
  53  11:46  Zergling x4  
  31  11:47  Zergling x2  
  31  11:48  Zergling x2  
  31  11:49  Zergling x2  
  31  11:50  Zergling x4  
  31  11:51  Zergling x2  
Show
View Real Time Build Order
Export as new Build Order

Player 3 Zerg 

Build Orders:  

Get SALT Encoding   

Show
View Real Time Build Order
Export as new Build Order

MattBarry Zerg 

Build Orders: Pool First 

Get SALT Encoding   

  12  0:00  Drone  
  13  0:07  Overlord x2  
  13  0:10  Drone  
  13  0:11  Drone x2  
  13  0:15  Spawning Pool  
  13  0:18  Overlord  
  12  0:22  Extractor  
  12  0:23  Drone x2  
  12  0:24  Drone  
  14  0:28  Hatchery  
  14  0:36  Hatchery, Drone x3  
  14  0:39  Drone x3  
  14  0:42  Drone x3  
  15  0:44  Lair, Drone x2  
  15  0:45  Drone  
  15  0:46  Drone x3  
  15  0:47  Drone x2  
  15  0:48  Drone  
  27  1:03  Extractor  
  27  1:04  Zergling x6  
  32  1:05  Zergling x4  
  32  1:06  Zergling x2  
  32  1:19  Hive  
  38  1:27  Drone x18  
  37  1:39  Hatchery  
  36  1:50  Overlord x2  
  36  1:51  Queen  
  36  1:52  Queen  
  40  2:06  Hatchery  
  40  2:07  Drone x3  
  40  2:08  Hatchery, Drone x4  
  38  2:09  Drone  
  38  2:14  Hatchery  
  38  2:15  Hatchery  
  44  2:27  Queen  
  44  2:28  Queen  
  48  2:42  Overlord  
  47  2:58  Overseer  
  47  3:02  Queen  
  49  3:16  Zergling x2  
  49  3:17  Zergling x32  
  49  3:18  Zergling x2, Overlord x4  
  49  3:19  Overlord x5  
  49  3:26  Overlord  
  49  3:27  Overlord x17  
  49  3:29  Overseer  
  49  3:30  Overseer x10  
  49  3:38  Queen  
  52  4:29  Overseer  
  52  4:30  Overseer x6  
  52  4:31  Overseer x2  
  51  4:52  Drone x14  
  50  4:53  Drone x4  
  67  5:30  Nydus Network  
  66  6:13  Spore Crawler  
  66  6:14  Hatchery  
  64  6:20  Hatchery  
  64  6:23  Spore Crawler  
  64  6:24  Spore Crawler  
  61  6:25  Spore Crawler  
  61  6:27  Spore Crawler  
  61  6:28  Spore Crawler  
  61  6:29  Spore Crawler  
  57  6:49  Overseer  
  57  6:50  Overseer x9  
  57  7:47  Drone x3  
  57  7:51  Drone x3  
  57  7:57  Drone x2  
  57  7:58  Drone x2  
  57  7:59  Drone x2  
  57  8:00  Drone x3  
  60  8:06  Drone x2  
  60  8:07  Drone  
  60  8:10  Drone x6  
  71  9:06  Nydus Canal  
  71  9:17  Nydus Network  
  71  9:20  Nydus Network  
  71  9:22  Nydus Network x2  
  71  9:23  Nydus Network  
  66  9:24  Nydus Network  
  66  9:25  Nydus Network  
  66  9:27  Nydus Network  
  63  9:36  Drone  
  63  9:37  Drone x17  
  63  9:39  Drone x4  
  63  9:40  Drone x15  
  63  9:41  Drone x16  
  63  9:42  Drone x5  
  63  9:43  Drone x13  
  63  9:44  Nydus Network  
  62  9:45  Nydus Network  
  62  9:47  Nydus Network  
  129  10:19  Nydus Network  
  126  10:22  Nydus Network x2  
  126  10:23  Nydus Network  
  126  10:24  Nydus Network x2  
  126  10:27  Nydus Network  
  126  10:28  Nydus Network  
  111  10:29  Nydus Network  
  111  10:30  Nydus Network  
  111  10:31  Nydus Network  
  111  10:33  Nydus Canal  
  111  10:34  Viper, Nydus Canal  
  101  10:37  Nydus Canal  
  101  10:38  Nydus Canal  
  86  10:53  Drone  
  86  10:54  Drone x13  
  86  10:55  Drone  
  86  10:56  Queen x3, Drone x15  
  82  10:57  Drone x11  
  82  10:58  Drone x6  
  82  10:59  Drone x10  
  76  11:07  Drone x8  
  76  11:08  Drone x5  
  76  11:09  Drone x12  
  76  11:10  Drone x9  
  76  11:11  Drone x4  
  131  11:12  Drone x6  
  131  11:16  Drone x115  
  131  11:17  Drone  
  176  11:31  Queen  
  176  11:32  Queen  
  44  12:26  Overlord  
  44  12:27  Overlord x5  
  44  12:28  Overlord x6  
  34  12:30  Overlord x3  
  34  12:31  Overlord x3  
  34  12:32  Overlord  
  34  12:33  Overlord x2  
  32  12:45  Overlord  
  21  13:58  Hatchery  
  21  14:00  Hatchery  
  19  14:40  Drone x11  
Tags
 
Add a new tag
Caveats
  • Supply blocks, unpowered buildings, or Contaminate may cause inaccurate times.
  • Supply counts are checked every 10 seconds.